 Dungeon Crawl Stone Soup version 0.29-a0-664-gff9cad4a3d (webtiles) character file.

Game seed: 6986207971082571480

675028 skullybones the Slayer (level 27, -6/207 HPs)
             Began as a Demonspawn Monk on June 21, 2022.
             Was a High Priest of Okawaru.
             Killed by divine providence
             ... invoked by a balrug
              (13 damage)
             ... on level 13 of a ziggurat on June 23, 2022.
             The game lasted 03:02:09 (72431 turns).

skullybones the Slayer (Demonspawn Monk)           Turns: 72431, Time: 03:02:10

Health: -6/207     AC: 46    Str: 27    XL:     27
Magic:  37/37      EV:  8    Int: 12    God:    Okawaru [*****.]
Gold:   8441       SH: 39    Dex: 27    Spells: 26/26 levels left

rFire   + . .      SeeInvis +   V - +9 eveningstar (flame) {rare}
rCold   + . .      Faith    .   w - +8 tower shield {AC+3}
rNeg    + + .      Spirit   .   Z - +7 gold dragon scales {rare}
rPois   +          Reflect  +   (helmet unavailable)
rElec   .          Harm     .   j - +2 ratskin cloak {*Rats rPois rN+ Str-1 Int-1 Dex+1}
rCorr   .          Rampage  .   q - +2 pair of gloves
Will    ++++.                   t - +2 pair of boots of Vicac {Will++ Stlth+}
Stlth   ..........              r - amulet of reflection
HPRegen 0.44/turn               S - +6 ring of strength
MPRegen 0.25/turn               b - ring "Oxkiusm" {rN+ Dex+2 Slay+2}

@: no status effects
A: antennae 3, thin skeletal structure 3, icemail 2, powered by death 3, black
mark, condensation shield, bedeviling, aura of silence, hooves 1, frail 1,
mutation resistance 1, screaming 1
}: 4/15 runes: decaying, serpentine, slimy, silver
a: Renounce Religion, Heroism, Finesse, Duel


You were on level 13 of a ziggurat.
You worshipped Okawaru.
Okawaru was extremely pleased with you.
You visited 12 branches of the dungeon, and saw 57 of its levels.
You visited the Abyss 1 time.
You visited 1 ziggurat, and saw 13 of its levels.
You also visited: Volcano.

You collected 11415 gold pieces.
You spent 2974 gold pieces at shops.


Innate Abilities, Weirdness & Mutations

You have a pair of large antennae on your head. (SInv)
You have an unnaturally thin skeletal structure. (Dex +6, Stealth+++)
A meltable icy envelope protects you from harm. (AC +0)
You regenerate a lot of health from kills.
Your melee attacks may debilitate your foes.
A meltable shield of frost defends you. (SH +0)
Your hexes are more powerful.
You are surrounded by an aura of silence.
You have large cloven feet.
You are frail. (-10% HP)
You are somewhat resistant to further mutation.
You occasionally shout uncontrollably at your foes.


   Skills:
 - Level 22.0 Fighting
 + Level 18.2 Maces & Flails
 - Level 15.7(16.9) Slings
 - Level 7.0 Bows
 + Level 10.2(14.2) Throwing
 - Level 22.0 Armour
 - Level 3.1 Dodging
 - Level 1.7 Stealth
 - Level 22.0 Shields
 - Level 3.4 Unarmed Combat
 + Level 20.0 Invocations


You had 26 spell levels left.
You didn't know any spells.
Your spell library contained the following spells:

 Spells                   Type           Power      Damage    Failure   Level
 Apportation              Tloc           0%         N/A       99%         1
 Freeze                   Ice            0%         1d3       99%         1
 Magic Dart               Conj           0%         1d3       99%         1
 Necrotize                Necr           0%         1d4       99%         1
 Shock                    Conj/Air       0%         1d3       99%         1
 Slow                     Hex            0%         N/A       99%         1
 Sting                    Tmut/Pois      0%         1d3       99%         1
 Blink                    Tloc           0%         N/A       100%        2
 Ensorcelled Hibernation  Hex/Ice        0%         N/A       100%        2
 Poisonous Vapours        Pois/Air       0%         N/A       100%        2
 Scorch                   Fire           0%         2d5       100%        2
 Searing Ray              Conj           0%         2d4       100%        2
 Static Discharge         Conj/Air       0%         N/A       100%        2
 Wereblood                Tmut           0%         N/A       100%        2
 Confusing Touch          Hex            0%         N/A       100%        3
 Conjure Flame            Conj/Fire      0%         6-21      100%        3
 Dazzling Flash           Conj/Hex       0%         N/A       100%        3
 Frozen Ramparts          Ice            0%         1d2       100%        3
 Ignite Poison            Fire/Tmut/Pois 0%         N/A       100%        3
 Inner Flame              Hex/Fire       0%         N/A       100%        3
 Lesser Beckoning         Tloc           0%         N/A       100%        3
 Ozocubu's Armour         Ice            0%         N/A       100%        3
 Portal Projectile        Hex/Tloc       0%         N/A       100%        3
 Spider Form              Tmut/Pois      0%         N/A       100%        3
 Swiftness                Air            0%         N/A       100%        3
 Vampiric Draining        Necr           0%         2d6       100%        3
 Airstrike                Air            0%         N/A       100%        4
 Anguish                  Hex/Necr       0%         N/A       100%        4
 Cause Fear               Hex            0%         N/A       100%        4
 Corpse Rot               Necr/Pois/Air  0%         N/A       100%        4
 Dispel Undead            Necr           0%         3d6       100%        4
 Flame Wave               Conj/Fire      0%         2d4       100%        4
 Fulminant Prism          Conj/Hex       0%         3d6       100%        4
 Hailstorm                Conj/Ice       0%         3d3       100%        4
 Ice Form                 Ice/Tmut       0%         N/A       100%        4
 Iskenderun's Mystic Bla  Conj/Tloc      0%         2d3       100%        4
 Leda's Liquefaction      Hex/Erth       0%         N/A       100%        4
 Olgreb's Toxic Radiance  Pois           0%         N/A       100%        4
 Passage of Golubria      Tloc           0%         N/A       100%        4
 Sticky Flame             Conj/Fire      0%         2d3       100%        4
 Agony                    Necr           0%         N/A       100%        5
 Alistair's Intoxication  Tmut/Pois      0%         N/A       100%        5
 Blade Hands              Tmut           0%         N/A       100%        5
 Borgnjor's Vile Clutch   Necr/Erth      0%         N/A       100%        5
 Fireball                 Conj/Fire      0%         3d3       100%        5
 Iskenderun's Battlesphe  Conj           0%         2d6       100%        5
 Lightning Bolt           Conj/Air       0%         1d11      100%        5
 Manifold Assault         Tloc           0%         N/A       100%        5
 Metabolic Englaciation   Hex/Ice        0%         N/A       100%        5
 Yara's Violent Unravell  Hex/Tmut       0%         3d3       100%        5
 Conjure Ball Lightning   Conj/Air       0%         3x3d6     100%        6
 Eringya's Noxious Bog    Tmut/Pois      0%         N/A       100%        6
 Iron Shot                Conj/Erth      0%         9d1       100%        6
 Starburst                Conj/Fire      0%         6d3       100%        6
 Statue Form              Tmut/Erth      0%         N/A       100%        6
 Dragon Form              Tmut           0%         N/A       100%        7
 Enfeeble                 Hex            0%         N/A       100%        7
 Ozocubu's Refrigeration  Ice            0%         4d5       100%        7
 Discord                  Hex            0%         N/A       100%        8
 Disjunction              Tloc           0%         N/A       100%        8
 Ignition                 Fire           0%         3d3       100%        8
 Lehudib's Crystal Spear  Conj/Erth      0%         10d2      100%        8
 Chain Lightning          Conj/Air       0%         N/A       100%        9
 Fire Storm               Conj/Fire      0%         5d1       100%        9
 Shatter                  Erth           0%         3d5*      100%        9
 Summon Small Mammal      Summ           Unusable   N/A       N/A         1
 Call Canine Familiar     Summ           Unusable   N/A       N/A         3
 Tukima's Dance           Hex            Unusable   N/A       N/A         3
 Animate Dead             Necr           Unusable   N/A       N/A         4
 Summon Ice Beast         Ice/Summ       Unusable   N/A       N/A         4
 Summon Lightning Spire   Summ/Air       Unusable   N/A       N/A         4
 Summon Forest            Summ/Tloc      Unusable   N/A       N/A         5
 Summon Mana Viper        Hex/Summ       Unusable   N/A       N/A         5
 Death Channel            Necr           Unusable   N/A       N/A         6
 Simulacrum               Ice/Necr       Unusable   N/A       N/A         6
 Summon Cactus Giant      Summ           Unusable   N/A       N/A         6
 Haunt                    Necr/Summ      Unusable   N/A       N/A         7
 Malign Gateway           Summ/Tloc      Unusable   N/A       N/A         7
 Monstrous Menagerie      Summ           Unusable   N/A       N/A         7
 Spellforged Servitor     Conj/Summ      Unusable   N/A       N/A         7
 Summon Hydra             Summ           Unusable   N/A       N/A         7
 Infestation              Necr           Unusable   N/A       N/A         8
 Summon Horrible Things   Summ           Unusable   N/A       N/A         8
 Dragon's Call            Summ           Unusable   N/A       N/A         9

Inventory:

Hand Weapons
 h - the +8 frozen axe "Frostbite" {freezing cloud, *Noise Fly rC+}
   (You found it on level 6 of a ziggurat)

   It freezes those it strikes, dealing additional cold damage.
   It can also slow down cold-blooded creatures.
   It occasionally leaves clouds of freezing vapour upon striking a foe.
   It grants immunity to clouds of freezing vapour.
   rC:        It protects you from cold.
   Fly:       It grants you flight.
   *Noise:    It may make noises in combat.
 n - a +9 spectral demon whip
   (Okawaru gifted it to you on level 3 of the Snake Pit)
 v - the +3 sling "Punk" {acid, rCorr}
   (You took it off a deep elf archer on level 3 of the Elven Halls)

   Any ammunition fired from it is coated in acid, damaging and corroding those
   it strikes.
   rCorr:     It protects you from acid and corrosion.
 F - the +7 lajatang of Order {silver, rMut}
   (You found it on level 5 of the Pits of Slime)

   It inflicts extra damage upon those it strikes, and deals substantially
   increased damage to chaotic, mutated and magically transformed beings.
   rMut:      It protects you from mutation.
 V - a +9 eveningstar of flaming (weapon) {rare}
   (You took it off Urug on level 2 of the Lair of Beasts)
Missiles
 u - 10 javelins (quivered)
 G - 22 boomerangs
 K - 13 silver javelins
 N - 3 silver boomerangs
 P - 9 curare-tipped darts {=f}
Armour
 j - the +2 ratskin cloak (worn) {*Rats rPois rN+ Str-1 Int-1 Dex+1}
   (You found it on level 7 of the Dungeon)

   When the wearer is hurt, rats may emerge from it to assist them.
   Str:       It affects your strength (-1).
   Int:       It affects your intelligence (-1).
   Dex:       It affects your dexterity (+1).
   rPois:     It protects you from poison.
   rN:        It protects you from negative energy.
 q - a +2 pair of gloves (worn)
   (You found it on level 4 of the Swamp)
 t - the +2 pair of boots of Vicac (worn) {Will++ Stlth+}
   (Okawaru gifted it to you on level 1 of the Vaults)

   Will:      It greatly increases your willpower.
   Stlth:     It makes you more stealthy.
 w - a +8 tower shield of protection (worn)
   (You found it on level 6 of the Lair of Beasts)
 z - the +1 pair of gloves "Ymnizaz" {*Slow rElec Will+}
   (You found it on level 13 of a ziggurat)

   rElec:     It insulates you from electricity.
   *Slow:     It may slow you when you take damage.
   Will:      It increases your willpower.
 W - the +8 crystal plate armour "Xyghyj Vesann" {rPois Str+7, rare}
   (Okawaru gifted it to you on level 5 of the Vaults)

   Str:       It affects your strength (+7).
   rPois:     It protects you from poison.
 Z - +7 gold dragon scales (worn) {rare}
   (You took it off Parghit on level 3 of the Realm of Zot)
Jewellery
 b - the ring "Oxkiusm" (right hand) {rN+ Dex+2 Slay+2}
   (You took it off a vampire on level 3 of the Crypt)

   [ring of positive energy]

   Dex:       It affects your dexterity (+2).
   Slay:      It affects your accuracy & damage with ranged weapons and melee
   (+2).
   rN:        It protects you from negative energy.
 f - the amulet "Qufeb" {Reflect -Tele rF++ Will+ Regen+ SH+5}
   (You found it on level 3 of the Elven Halls)

   [amulet of reflection]

   It reflects blocked missile attacks.
   rF:        It greatly protects you from fire.
   -Tele:     It prevents most forms of teleportation.
   Regen:     It increases your rate of health regeneration.
   SH:        It affects your SH (+5).
   Will:      It increases your willpower.
 r - an amulet of reflection (around neck)
   (You found it on level 1 of the Lair of Beasts)
 L - a ring of flight
   (You found it on level 4 of the Lair of Beasts)
 R - the ring "Qug Yrac" {Will+ rCorr EV+4 Str+3 Int-3}
   (You found it on level 12 of a ziggurat)

   [ring of evasion]

   EV:        It affects your evasion (+4).
   Str:       It affects your strength (+3).
   Int:       It affects your intelligence (-3).
   rCorr:     It protects you from acid and corrosion.
   Will:      It increases your willpower.
 S - a +6 ring of strength (left hand)
   (You found it on level 1 of the Dungeon)
Wands
 x - a wand of acid (31)
   (You took it off an orc on level 9 of the Dungeon)
 I - a wand of digging (33)
   (You found it on level 13 of the Dungeon)
Scrolls
 e - 6 scrolls of fear
 m - 10 scrolls of vulnerability {!r!r}
 p - 7 scrolls of magic mapping {!r}
 C - 7 scrolls of immolation {!r!r}
 E - 17 scrolls of fog
 J - 21 scrolls of teleportation {@r4}
 Q - 5 scrolls of silence {!r}
 T - 4 scrolls of blinking {!r}
 U - 7 scrolls of torment {!r}
 X - 10 scrolls of poison
Potions
 a - 5 potions of invisibility
 c - 3 potions of mutation {!q}
 d - 9 potions of flight
 g - 20 potions of haste {@q3}
 i - 12 potions of lignification {!q}
 l - 7 potions of might
 o - 10 potions of attraction {!q}
 s - 14 potions of curing {@q1}
 A - 6 potions of cancellation
 B - 7 potions of berserk rage {!q}
 H - 3 potions of magic
 M - 14 potions of brilliance
 O - 12 potions of ambrosia
 Y - 7 potions of resistance
Miscellaneous
 k - a condenser vane
   (You found it on level 2 of the Vaults)
 y - a tin of tremorstones (1/2)
   (You found it on level 4 of the Lair of Beasts)

Dungeon Overview and Level Annotations

Branches:
Dungeon (15/15) Zot: 23494  Temple (1/1) D:6 Zot: 5795    Lair (6/6) D:11 Zot: 24067
  Swamp (4/4) Lair:4 Zot: 18998   Snake (4/4) Lair:2 Zot: 18675   Slime (5/5) Lair:5 Zot: 26098
    Orc (2/2) D:9 Zot: 9898     Elf (3/3) Orc:2 Zot: 13509  Vaults (5/5) D:13 Zot: 21788
  Crypt (3/3) Vaults:2 Zot: 14905    Tomb (0/3) Crypt:3      Depths (4/4) D:15 Zot: 16074
    Zot (5/5) Depths:4 Zot: 23099 Volcano (visited)

Altars:
Ashenzari
Cheibriados
Dithmenos
Elyvilon
Fedhas
Gozag
Hepliaklqana
Kikubaaqudgha
Makhleb
Nemelex Xobeh
Okawaru
Qazlal
Ru
Sif Muna
Trog
Uskayaw
Vehumet
Wu Jian
Xom
Yredelemnul
Zin
The Shining One
Jiyva
Lugonu

Shops:
D:4 (   D:11 *   D:15 ?   Orc:1 [   Orc:2 [?**   Elf:2 [([   Snake:1 [!*:
Vaults:2 (   Vaults:3 [   Depths:1 ?*

Portals:
Hell: Depths:1 Depths:2 Depths:3 Depths:4
Abyss: Lair:6 Depths:1 Depths:3
Pandemonium: Depths:1 Depths:2

Annotations:
Elf:2 exclusion: 5 doors
Depths:3 2 runed translucent doors
Zot:3 exclusion: 2 lightning spires

▓▓ ..... .. .....
▓... .....▓▓▓▓▓▓▓▓
.........Y.......▓
..............22.▓
.............n=n)▓
.........2...2n2@▓
............n1n">▓
...2.........1[|∩▓
....Y.......2."[?▓
.........Y.......▓
.................▓
▓.........▓▓▓▓▓▓▓▓
▓.........▓
▓....§....▓


You could see 2 hellephants, 5 searing wretches, 2 Brimstone Fiends, 4 balrugs,
a hellion and a tormentor.


Message History

You regained 4 hp, and now have 149/207 hp. 😮 HP[+5]
You regained 5 hp, and now have 154/207 hp.
You feel less invigorated.
You feel less confused. 😕 HP[+5]
You regained 5 hp, and now have 159/207 hp. 😕 HP[+1] 😕 HP[+1]
There is a gate leading back out of this place here.
Okawaru bids you farewell from the Arena. 😕 HP[+1]
The tormentor hits you but does no damage. x2
The balrug gestures at you.
The fireball explodes!
The fireball engulfs the searing wretch.
The searing wretch completely resists.
The fireball engulfs you but does no damage. 😕 HP[+1] Really read
T - 5 scrolls of blinking {!r}?
Blink to where?
Press: ? - help, Dir - move target A balrug and a searing wretch come into view.
Found fourteen items.
Found two gates leading back out of this place.
Found a stone staircase leading down.
As you read the scroll of blinking {!r}, it crumbles to dust.
The balrug gestures at you. Something smites you! The balrug gestures at you.
Something smites you! 😮 HP[-18]
You take 18 damage, and now have 145/207 hp.
Unknown command.
The hellephant breathes flames at you. The blast of flame hits you!!!
You resist.
* * * LOW HITPOINT WARNING * * *
The Brimstone Fiend calls on the powers of darkness!
Your body is wracked with pain!
* * * LOW HITPOINT WARNING * * *
The balrug gestures at you.
The fireball explodes!
The fireball engulfs you. You resist.
* * * LOW HITPOINT WARNING * * *
The fireball engulfs the searing wretch.
The searing wretch completely resists.
The fireball engulfs the balrug.
The balrug completely resists. 😨 HP[-83]
You take 83 damage, and now have 62/207 hp.
MASSIVE DAMAGE!! (PAUSE)
The balrug attacks as you move away! You block the balrug's attack.
You see here the ring "Aphag" {rF+ rC- Str+4 Int+2 Slay+4}.
Press: ? - help, v - describe, . - travel, g - get item Item here: a pair of distressingly furry gloves.
The floor.
This square is shrouded in silence.
The balrug attacks as you move away! You block the balrug's attack.
The hellephant blinks!
The tormentor roars, "Tremble, thou tasty mouthful!"
The balrug closely misses you.
You see here the +1 pair of gloves "Ymnizaz" {*Slow rElec Will+}. 😨 HP[+1]
You drop a +6 ring of dexterity.
You block the searing wretch's attack. x2
The searing wretch bites you but does no damage.
The balrug gestures at you. Something smites you!
* * * LOW HITPOINT WARNING * * *
The balrug closely misses you. 😱 HP[-16]
You take 16 damage, and now have 47/207 hp.
z - the +1 pair of gloves "Ymnizaz" {*Slow rElec Will+} You block the searing wretch's attack. x3
The balrug gestures at you. The bolt of fire hits you! You resist.
* * * LOW HITPOINT WARNING * * *
The balrug gestures at you. Something smites you!
* * * LOW HITPOINT WARNING * * *
The balrug hits you but does no damage. 😱 HP[-24]
You take 24 damage, and now have 23/207 hp.
Okay, then.
The balrug attacks as you move away! You block the balrug's attack. x2
The balrug gestures at you.
The fireball explodes!
The fireball engulfs the searing wretch.
The searing wretch completely resists.
The fireball engulfs the balrug.
The balrug completely resists.
The fireball engulfs the searing wretch.
The searing wretch completely resists.
The fireball engulfs the balrug.
The balrug completely resists.
The fireball engulfs the balrug.
The balrug completely resists.
The fireball engulfs you! You resist.
* * * LOW HITPOINT WARNING * * *
There is a gate leading back out of this place here.
You see here the +8 trishula "Condemnation" {holy, anguish, *Noise Fly rN+}. 😱 HP[-17]
You take 17 damage, and now have 6/207 hp.
Are you sure you want to leave this ziggurat?
The balrug gestures at you. Something smites you!
You die...

Skill      XL: |  1  2  3  4  5  6  7  8  9 10 11 12 13 14 15 16 17 18 19 20 21 22 23 24 25 26 27 |
---------------+----------------------------------------------------------------------------------+-----
Dodging        | 3 |  3.1
Armour         | 1 2 3 4 5 6 7 9 10 11 12 13 14 15 16 17 18 19 20 21 22 | 22.0
Unarmed Combat | 3 |  3.4
Fighting       | 4 5 6 8 9 10 11 12 13 14 15 16 17 19 20 21 22 | 22.0
Maces & Flails | 2 3 5 6 7 8 9 10 11 12 13 14 15 16 18 | 18.2
Shields        | 2 3 5 6 8 9 10 11 12 13 14 15 16 17 18 19 20 21 22 | 22.0
Bows           | 2 4 6 7 |  7.0
Invocations    | 5 8 11 13 14 16 20 | 20.0
Slings         | 2 6 9 12 15 | 15.7
Throwing       | 4 5 10 | 10.2
Stealth        | |  1.7

Action                   |  1- 3 |  4- 6 |  7- 9 | 10-12 | 13-15 | 16-18 | 19-21 | 22-24 | 25-27 || total
-------------------------+-------+-------+-------+-------+-------+-------+-------+-------+-------++-------
Melee: Unarmed           |   141 |       |       |       |       |       |       |       |       ||   141
       Punch             |     3 |     2 |     8 |    24 |    16 |       |       |       |     1 ||    54
       Whip              |    15 |   133 |   263 |   476 |       |       |       |       |       ||   887
       Eveningstar       |       |       |       |   170 |  1536 |  1690 |  1868 |  1633 |  2669 ||  9566
       Lajatang          |       |       |       |       |       |       |       |       |    15 ||    15
 Fire: Longbow           |       |       |       |     5 |       |       |       |       |       ||     5
       Fustibalus        |       |       |       |       |       |       |       |       |     3 ||     3
Throw: Dart              |       |       |     3 |    11 |     3 |       |       |       |       ||    17
       Throwing net      |       |       |       |     1 |       |       |       |       |       ||     1
       Javelin           |       |       |       |       |     3 |     4 |       |     6 |    41 ||    54
       Boomerang         |       |       |       |       |       |     3 |       |       |       ||     3
Invok: Heroism           |       |       |     2 |     1 |     2 |     2 |     2 |     2 |     6 ||    17
       Finesse           |       |       |       |       |     2 |     3 |     2 |     4 |     8 ||    19
       Duel              |       |       |       |       |       |       |     1 |     1 |     2 ||     4
Evoke: Wand              |       |       |       |       |       |     1 |       |       |     1 ||     2
       Tin of tremorston |       |       |       |       |       |     1 |       |       |     2 ||     3
       Condenser vane    |       |       |       |       |       |       |       |       |     2 ||     2
  Use: Scroll            |     2 |     3 |     6 |    16 |    16 |    13 |     6 |     8 |    16 ||    86
       Potion            |       |     1 |     3 |       |     5 |     5 |     4 |     9 |    39 ||    66
 Stab: Sleeping          |     4 |     1 |     8 |    10 |     4 |     1 |    13 |    19 |     3 ||    63
       Distracted        |       |       |       |       |     3 |     2 |     3 |     5 |     3 ||    16
       Paralysed         |       |       |       |       |       |       |     1 |       |       ||     1
Armor: Robe              |    10 |       |       |       |       |       |       |       |       ||    10
       Leather armour    |    27 |       |       |       |       |       |       |       |       ||    27
       Chain mail        |    17 |    80 |   123 |   317 |   452 |       |       |       |       ||   989
       Skin              |       |     5 |       |       |       |       |       |       |       ||     5
       Plate armour      |       |       |       |       |   330 |   658 |   429 |   470 |   248 ||  2135
       Gold dragon scale |       |       |       |       |       |       |       |       |   798 ||   798
Dodge: Dodged            |   131 |    55 |    95 |   283 |   407 |   258 |   180 |   151 |   381 ||  1941
Block: Other             |       |     4 |    32 |   176 |   131 |       |       |       |     4 ||   347
       Buckler           |       |       |       |       |   536 |       |       |       |       ||   536
       Reflection        |       |       |       |       |    45 |   206 |   110 |    22 |    94 ||   477
       Tower shield      |       |       |       |       |  1131 |  2916 |  2486 |  2180 |  4326 || 13039

Levels and vault maps discovered:
D:1:      erik_arrival_blinker_ship, layout_rooms, minmay_pentomino_v4
D:2:      layout_basic, ebering_ecumenical_altar_petrified, serial_forest,
          infiniplex_forest_clump_long, infiniplex_forest_clump_curved,
          infiniplex_forest_lined_corner, infiniplex_forest_lined_ring,
          infiniplex_forest_clump_tiny, infiniplex_forest_split,
          infiniplex_forest_clump_small, basic_altar
D:3:      layout_rooms, nicolae_hepliaklqana_hazy_memory,
          mainiacjoe_overflow_small_starburst, tgw_kikubaaqudgha, serial_bayou,
          serial_bayou_ford_a, serial_bayou_shore_a, serial_bayou_shore_b,
          serial_bayou_pond_d, serial_bayou_pond_e, serial_bayou_pond_c,
          kennysheep_generic_room_3
D:4:      layout_rooms, mainiacjoe_overflow_tiny_flanked, serial_corexii_hall,
          chequers_hall_statues_corner_a, corexii_hall_statues_u,
          corexii_hall_statues_u, corexii_hall_statues_i, serial_shops, shop,
          minmay_misc_feat_tower, nrook_loot_triangle, corexii_corridor_pit,
          minmay_quantized, uniq_robin
D:5:      layout_loops_cross
D:6:      layout_basic, nicolae_ru_path_of_blood,
          minmay_temple_entry_proselytizer, uniq_maggie
D:7:      layout_loops_cross, old_standard_altar
D:8:      minmay_chambers_of_fours, layout_rooms, mainiacjoe_overflow_alcove_1,
          nicolae_qazlal_scattered_showers, uniq_joseph, uniq_grum, uniq_erica
D:9:      minmay_inner_zag, layout_basic, serial_demonic, serial_demonic_c,
          serial_demonic_a, serial_demonic_b, serial_demonic_c
D:10:     layout_rooms, vehumet_altar_wand_db, xom_shifter_show, uniq_josephine,
          uniq_harold
D:11:     layout_roguey, david_lair_shrubbed, serial_shops,
          nicolae_stop_n_shop_1, eino_small_chamber_without_monster,
          nicolae_uskayaw_en_pointe
D:12:     layout_rooms
D:13:     layout_big_octagon, david_vaults_2, gammafunk_ghost_spectres
D:14:     layout_loops_corners, corexii_hall_statues_deadend,
          ebering_ghost_funeral_grove
D:15:     gammafunk_depths_entry_grave, layout_basic, serial_shops, shop,
          nicolae_sif_muna_condensation
Temple:   minmay_temple_bridge_abc
Lair:1:   layout_gridlike, grunt_megastairs_3
Lair:2:   layout_roguey, minmay_snake_entry_six_corridors,
          gammafunk_ghost_necromancy, serial_bayou_pond_e, guppyfry_lair_drakes
Lair:3:   layout_small_grid, nzn_random_ring, grunt_megastairs_4,
          infiniplex_staircase_pool, uniq_urug
Lair:4:   layout_long_grid, palyth_hydra_swamp_entry, serial_forest,
          infiniplex_forest_lined_1, infiniplex_forest_clump_medium,
          infiniplex_forest_zigzag_1, infiniplex_forest_zigzag_2,
          infiniplex_forest_end_3, infiniplex_forest_corner_1,
          infiniplex_forest_join, infiniplex_forest_clump_curved,
          eino_house_with_fridge
Lair:5:   layout_regular_city, slime_altar_2
Lair:6:   hellmonk_lair_end_abyssal_woods, layout_cave_shapes,
          kennysheep_rathole
Swamp:1:  layout_basic_swamp, evilmike_swamp_ruin_house_3, uniq_kirke
Swamp:2:  nzn_winding_woodlands_small [nzn_winding_woodlands_5x15_garden,
          nzn_winding_woodlands_center_lodge,
          nzn_winding_woodlands_5x15_sidewinder], layout_falls_marsh,
          evilmike_swamp_ruin_house_5
Swamp:3:  layout_basic_swamp, nicolae_swamp_little_tower, swamp_pool1,
          nicolae_swamp_drake_lake, uniq_mlioglotl
Swamp:4:  swamp_basic_johnstein, layout_basic_swamp, gammafunk_ghost_arena,
          swamp_pool1, nicolae_swamp_catching_bugs
Snake:1:  layout_misc_corridors, minmay_shop_grid_forest, uniq_rupert
Snake:2:  layout_grid_maze
Snake:3:  layout_basic
Snake:4:  grunt_snake_rune_pools, layout_basic, uniq_louise, uniq_vashnia
Slime:1:  layout_caves
Slime:2:  layout_caves
Slime:3:  layout_caves
Slime:4:  layout_caves, dissolution_awaits
Slime:5
Orc:1:    layout_diamond_mine, serial_shops, shop,
          nicolae_volcano_entry_two_sided
Orc:2:    grunt_orc_tribal_feast, layout_diamond_mine
Elf:1:    minmay_elf_arrival_plus, layout_geoelf_grid, evilmike_minifort
Elf:2:    elven_hall_of_blades_hangedman_alternative [nicolae_blade_lattice],
          layout_loops_corners, nicolae_wooded_promenade
Elf:3:    minmay_elf_hall_not_hex, layout_gridlike,
          nicolae_elf_shapeshifter_party, hangedman_decor_cross_pass
Vaults:1: v_misc_18, nicolae_vaults_stairing_the_circle, ontoclasm_vaults_pinch,
          v_misc_10, grunt_vaults_focal, vaults_dpeg_diagonal,
          hangedman_vaults_corner_blocks, nicolae_vaults_network_star,
          ontoclasm_vaults_loading_screen, nicolae_vaults_asterisk,
          vaults_room_door_ring, layout_vaults_big_room
Vaults:2: vaults_room_ringed_pool, v_misc_22, ontoclasm_vaults_misaligned,
          vaults_standard_mumra_lines, v_rooms_6,
          minmay_crypt_entry_nasty_monster, v_misc_23, hangedman_vaults_maws,
          vaults_room_mumra_shop_pool, vaults_room_hangedman_quadrants,
          nicolae_vaults_little_squares_2, layout_vaults_omnigrid
Vaults:3: vaults_room_pools, v_misc_14, v_misc_10, v_pattern_3,
          nicolae_vaults_ninety_degrees, nicolae_vaults_rhombus_7,
          ontoclasm_vaults_loading_screen, v_misc_27,
          hangedman_vaults_corner_blocks, v_misc_16,
          nicolae_vaults_back_hallway, vaults_room_semicircle,
          layout_vaults_omnibox, serial_shops, nicolae_lakefront_shop,
          uniq_margery
Vaults:4: vaults_mumra_minichess_inversion, vaults_dpeg_hooks,
          ontoclasm_vaults_ring_small, v_misc_19, v_misc_9,
          nicolae_vaults_triangles, vaults_room_door_ring,
          nicolae_vaults_little_squares_6, v_alt_pattern_6,
          ontoclasm_vaults_chip, layout_vaults_ring
Vaults:5
Crypt:1:  layout_rooms
Crypt:2:  layout_rooms, uniq_boris, uniq_bai_suzhen
Crypt:3:  due_elkab, layout_chaotic_city, tomb_entry_simple_bobbens,
          lemuel_statue_altar, lemuel_mausoleum_altar_kikubaaqudgha
Depths:1: layout_cave_pools, abyss_entry, rand_demon_pan_entry_5, hell_entry,
          grunt_absolute_annihilation, minmay_shoptagon
Depths:2: minmay_diamond_stairs, layout_honeycomb, grunt_pan_entry_in_and_out,
          hangedman_coc_ice_floe, grunt_dithmenos_smoke, uniq_enchantress,
          uniq_grunn, uniq_josephina
Depths:3: minmay_the_grid_ultimate [minmay_the_grid_prize_four_corners,
          minmay_the_grid_prize_big_room,
          minmay_the_grid_prize_four_corners_diamond_a,
          minmay_the_grid_prize_inner_circle,
          minmay_the_grid_square_5x5_inverted_slash,
          minmay_the_grid_square_5x5_bite, minmay_the_grid_square_5x5_tri_point,
          minmay_the_grid_square_5x5_detours, minmay_the_grid_square_5x5_meh,
          minmay_the_grid_square_5x5_n, minmay_the_grid_square_5x5_slash,
          minmay_the_grid_square_5x5_v, minmay_the_grid_square_5x5_bridge,
          minmay_the_grid_square_5x5_trominoes, minmay_the_grid_square_5x5_mess,
          minmay_the_grid_square_5x5_checkered,
          minmay_the_grid_square_5x5_checkered_statues,
          minmay_the_grid_square_5x5_two_small,
          minmay_the_grid_square_5x5_beaten_path,
          minmay_the_grid_triangle_9x9_tough_junction,
          minmay_the_grid_triangle_9x9_impossible_snake,
          minmay_the_grid_triangle_9x9_shrine,
          minmay_the_grid_triangle_9x9_empty,
          minmay_the_grid_triangle_9x9_intruding_spiral,
          minmay_the_grid_triangle_9x9_semitri,
          minmay_the_grid_triangle_9x9_descending_squares,
          minmay_the_grid_triangle_9x9_zippers_horizontal,
          minmay_the_grid_triangle_9x9_longest,
          minmay_the_grid_triangle_9x9_from_above,
          minmay_the_grid_triangle_9x9_warning,
          minmay_the_grid_triangle_9x9_dagger,
          minmay_the_grid_triangle_9x9_stretched_checkered,
          minmay_the_grid_triangle_9x9_empty,
          minmay_the_grid_triangle_9x9_pentomino_pain,
          minmay_the_grid_triangle_9x9_cache,
          minmay_the_grid_square_5x5_spiral_small,
          minmay_the_grid_octo_vomiting_pacman, minmay_the_grid_octo_77,
          minmay_the_grid_octo_horde, minmay_the_grid_octo_pinwheel,
          minmay_the_grid_octo_clover, minmay_the_grid_octo_odd_swirl,
          minmay_the_grid_octo_fan_narrow, minmay_the_grid_octo_thin_diamonds,
          minmay_the_grid_empty, minmay_the_grid_eight,
          minmay_the_grid_large_cup, minmay_the_grid_x], abyss_entry,
          hell_entry, uniq_sojobo
Depths:4: grunt_twist_and_shout, layout_gridville, hell_entry,
          hangedman_abyss_or_decor_slice
Zot:1:    layout_twisted_circle, grunt_megastairs_2
Zot:2:    layout_cellular_growth, evilmike_ambush
          [evilmike_ambush_outer_pillars, evilmike_ambush_inner_basic]
Zot:3:    infiniplex_zot_generator, layout_misc_corridors, uniq_parghit
Zot:4:    layout_onion_interference, lemuel_elevator
Zot:5:    layout_cathedral_of_symmetry
Zig:13

Notes
Turn   | Place    | Note
-------+----------+-------------------------------------------
     0 | D:1      | skullybones the Demonspawn Monk began the quest for the
                  | Orb.
     0 | D:1      | Reached XP level 1. HP: 18/18 MP: 1/1
     0 | D:1      | magus.rc [v1.11.3]
   200 | D:1      | Gained mutation: You have a pair of small antennae on your
                  | head. [demonic ancestry]
   200 | D:1      | Reached XP level 2. HP: 17/24 MP: 2/2
   875 | D:1      | Reached skill level 3 in Dodging
   884 | D:1      | Reached skill level 1 in Armour
   884 | D:1      | Reached skill level 3 in Unarmed Combat
  1205 | D:2      | Found a hide-covered altar of Uskayaw.
  1243 | D:2      | Gained mutation: You have a pair of antennae on your head.
                  | [demonic ancestry]
  1243 | D:2      | Reached XP level 3. HP: 29/29 MP: 3/3
  1468 | D:2      | HP: 7/29 [jackal (2)]
  1958 | D:2      | Found a faded altar of an unknown god.
  2279 | D:2      | Identified the +4 chain mail "Xicuust" {Drain rCorr Slay+4
                  | Stlth+}
  2724 | D:3      | Found a burning altar of Makhleb.
  2742 | D:3      | Gained mutation: You regenerate a little health from kills.
                  | [demonic ancestry]
  2742 | D:3      | Reached XP level 4. HP: 21/36 MP: 4/4
  2944 | D:3      | Found an ancient bone altar of Kikubaaqudgha.
  2954 | D:3      | Noticed a human
  2957 | D:3      | Killed a human
  2960 | D:3      | You pick up a book of Chaos and begin reading...
  2960 | D:3      | You add the spells Conjure Ball Lightning, Disjunction and
                  | Discord to your library.
  3203 | D:3      | Reached skill level 2 in Armour
  3341 | D:3      | Found a hazy altar of Hepliaklqana.
  3412 | D:3      | You pick up a book of Hexes and begin reading...
  3412 | D:3      | You add the spells Inner Flame and Cause Fear to your
                  | library.
  3426 | D:3      | Reached skill level 4 in Fighting
  3426 | D:3      | Gained mutation: You have a somewhat thin skeletal
                  | structure. (Dex +2, Stealth+) [demonic ancestry]
  3426 | D:3      | Reached XP level 5. HP: 41/42 MP: 5/5
  3623 | D:4      | Reached skill level 1 in Maces & Flails
  3667 | D:4      | Found a shadowy altar of Dithmenos.
  3667 | D:4      | Noticed Robin
  3697 | D:4      | Killed Robin
  3777 | D:4      | HP: 10/43 [poisoned by a scorpion]
  3782 | D:4      | HP: 10/64 [scorpion (3)]
  3785 | D:4      | Reached skill level 2 in Maces & Flails
  3785 | D:4      | Reached skill level 3 in Armour
  3785 | D:4      | Gained mutation: A meltable shield of frost defends you.
                  | (SH +0) [demonic ancestry]
  3785 | D:4      | Reached XP level 6. HP: 12/49 MP: 6/6
  4131 | D:4      | Found Onkiek's Weapon Emporium.
  4593 | D:5      | Entered Level 5 of the Dungeon
  4618 | D:5      | Reached skill level 5 in Fighting
  4662 | D:5      | Reached skill level 3 in Maces & Flails
  4662 | D:5      | Gained mutation: You have a moderately thin skeletal
                  | structure. (Dex +4, Stealth++) [demonic ancestry]
  4662 | D:5      | Reached XP level 7. HP: 34/56 MP: 7/7
  4671 | D:5      | Identified the +2 hat of Courage {Str+3 Dex+3}
  5150 | D:5      | Reached skill level 4 in Armour
  5150 | D:5      | Reached skill level 1 in Shields
  5450 | D:6      | Found a staircase to the Ecumenical Temple.
  5463 | D:6      | Reached skill level 2 in Shields
  5463 | D:6      | Reached XP level 8. HP: 64/64 MP: 8/8
  5468 | Temple   | Entered the Ecumenical Temple
  5501 | Temple   | Became a worshipper of Warmaster Okawaru
  5501 | Temple   | Reached * piety under Okawaru
  5501 | Temple   | Reached ** piety under Okawaru
  5709 | D:6      | Reached skill level 6 in Fighting
  5709 | D:6      | Reached skill level 4 in Maces & Flails
  5752 | D:6      | Noticed Maggie
  5769 | D:6      | Killed Maggie
  5770 | D:6      | Reached skill level 3 in Shields
  6042 | D:6      | Reached skill level 5 in Armour
  6365 | D:6      | Found a sacrificial altar of Ru.
  6477 | D:7      | Found a blossoming altar of Fedhas.
  6591 | D:7      | Reached skill level 5 in Maces & Flails
  6657 | D:7      | Reached *** piety under Okawaru
  6658 | D:7      | Gained mutation: You regenerate health from kills. [demonic
                  | ancestry]
  6658 | D:7      | Reached XP level 9. HP: 62/71 MP: 9/9
  6669 | D:7      | Reached skill level 7 in Fighting
  6669 | D:7      | Reached skill level 4 in Shields
  6916 | D:7      | Noticed a troll
  6926 | D:7      | Killed a troll
  7101 | D:7      | Found the +2 ratskin cloak {*Rats rPois rN+ Str-1 Int-1
                  | Dex+1}
  7198 | D:8      | Noticed Joseph
  7220 | D:8      | Killed Joseph
  7221 | D:8      | Reached skill level 6 in Armour
  7350 | D:8      | Noticed Grum
  7362 | D:7      | Reached **** piety under Okawaru
  7417 | D:7      | Reached skill level 6 in Maces & Flails
  7417 | D:7      | Reached skill level 5 in Shields
  7459 | D:8      | Killed Grum
  7483 | D:8      | Found a basalt altar of Yredelemnul.
  7484 | D:8      | Noticed Erica
  7610 | D:8      | Reached skill level 8 in Fighting
  7831 | D:8      | Gained mutation: Your hexes are more powerful. [demonic
                  | ancestry]
  7831 | D:8      | Reached XP level 10. HP: 80/80 MP: 10/10
  8024 | D:8      | Found a stormy altar of Qazlal.
  8257 | D:8      | Killed Erica
  8257 | D:8      | Reached ***** piety under Okawaru
  8258 | D:8      | Reached skill level 7 in Armour
  8479 | D:9      | Reached skill level 6 in Shields
  8495 | D:9      | Reached skill level 7 in Maces & Flails
  8553 | D:9      | You fall into a shaft and drop 1 floor!
  8553 | D:10     | Entered Level 10 of the Dungeon
  8573 | D:10     | Received a gift from Okawaru
  8592 | D:10     | Found a radiant altar of Vehumet.
  8593 | D:10     | Noticed Josephine
  9016 | D:9      | Reached skill level 9 in Fighting
  9260 | D:9      | Noticed a sixfirhy
  9288 | D:9      | Killed a sixfirhy
  9531 | D:9      | Found a staircase to the Orcish Mines.
  9584 | D:9      | Reached XP level 11. HP: 89/89 MP: 11/11
  9861 | D:10     | Found a shimmering altar of Xom.
  9861 | D:10     | Found a shimmering altar of Xom.
  9861 | D:10     | Found a shimmering altar of Xom.
  9861 | D:10     | Found a shimmering altar of Xom.
  9861 | D:10     | Found a shimmering altar of Xom.
  9866 | D:10     | Found a shimmering altar of Xom.
  9903 | D:10     | Reached skill level 8 in Armour
  9921 | D:10     | Reached skill level 7 in Shields
 10011 | D:10     | You pick up a book of Power and begin reading...
 10011 | D:10     | You add the spells Iskenderun's Battlesphere and Iron Shot
                  | to your library.
 10093 | D:10     | Noticed Harold
 10159 | D:10     | Killed Harold
 10189 | D:9      | Identified the +9 longbow "Ulouptucs" {venom, Str+4 SInv}
                  | (Okawaru gifted it to you on level 9 of the Dungeon)
 10189 | D:9      | Received a gift from Okawaru
 10190 | D:9      | Reached skill level 8 in Maces & Flails
 10277 | D:9      | Killed Josephine
 10592 | D:10     | Noticed a lindwurm
 10944 | D:11     | Found a staircase to the Lair.
 10969 | D:11     | Reached skill level 10 in Fighting
 11125 | D:11     | Found a hide-covered altar of Uskayaw.
 11125 | D:11     | Noticed a +0 falchion
 11126 | D:11     | Noticed a +0 dagger
 11126 | D:11     | Noticed a +0 short sword
 11127 | D:11     | Noticed a +0 falchion
 11127 | D:11     | Noticed a +0 short sword
 11128 | D:11     | Noticed a +0 spear
 11135 | D:11     | Noticed a +0 dagger
 11135 | D:11     | Noticed a +0 spear
 11276 | D:11     | Found Zurram's General Store.
 11349 | D:11     | Noticed a death knight
 11572 | D:11     | Noticed a two-headed ogre
 11581 | D:11     | Killed a two-headed ogre
 11794 | Lair:1   | Entered Level 1 of the Lair of Beasts
 11815 | Lair:1   | Identified the +1 pair of boots "Ecami" {Regen+} (Okawaru
                  | gifted it to you on level 1 of the Lair of Beasts)
 11815 | Lair:1   | Received a gift from Okawaru
 11824 | Lair:1   | Reached ****** piety under Okawaru
 12089 | Lair:1   | Reached skill level 1 in Bows
 12089 | Lair:1   | Reached skill level 8 in Shields
 12272 | Lair:1   | Reached skill level 9 in Armour
 12856 | Lair:2   | Identified the +0 robe "Neriv" {Rampage}
 12864 | Lair:2   | Reached skill level 2 in Bows
 12899 | Lair:2   | Found a staircase to the Snake Pit.
 12909 | Lair:2   | Gained mutation: You have a pair of large antennae on your
                  | head. (SInv) [demonic ancestry]
 12909 | Lair:2   | Reached XP level 12. HP: 97/98 MP: 12/12
 12955 | Lair:2   | Reached skill level 9 in Maces & Flails
 13160 | Lair:2   | Found a runed translucent gate.
 13160 | Lair:2   | Found a runed translucent gate.
 13328 | Lair:2   | You add the spells Ozocubu's Armour and Ozocubu's
                  | Refrigeration to your library.
 13345 | Lair:2   | Found a runed translucent gate.
 13348 | Lair:2   | Noticed Esaaleno's ghost (journeyman NaIE)
 13816 | Lair:3   | Noticed Urug
 13875 | Lair:2   | Killed Urug
 13876 | Lair:2   | Reached skill level 3 in Bows
 13930 | Lair:2   | V - a +2 eveningstar {rare}
 13932 | Lair:2   | your +2 eveningstar {rare} glows red for a moment.
 13933 | Lair:2   | your +3 eveningstar {rare} glows red for a moment.
 13934 | Lair:2   | your +4 eveningstar {rare} glows red for a moment.
 13960 | Lair:3   | V - a +5 eveningstar (weapon) {rare}
 14069 | Lair:3   | Reached skill level 11 in Fighting
 14100 | Lair:3   | Received a gift from Okawaru
 14217 | Lair:3   | Reached skill level 9 in Shields
 14669 | Lair:3   | Reached skill level 4 in Bows
 14764 | Lair:3   | Reached skill level 10 in Armour
 15061 | Lair:4   | Noticed a death yak
 15061 | Lair:4   | Noticed a death yak
 15063 | Lair:4   | Noticed a death yak
 15064 | Lair:4   | Noticed a seven-headed hydra
 15064 | Lair:4   | Noticed a death yak
 15064 | Lair:4   | Noticed a death yak
 15064 | Lair:4   | Noticed a death yak
 15083 | Lair:3   | Killed a death yak
 15083 | Lair:3   | Identified the +2 great mace "Taihoxt" {drain, Stlth+}
                  | (Okawaru gifted it to you on level 3 of the Lair of Beasts)
 15083 | Lair:3   | Received a gift from Okawaru
 15093 | Lair:3   | Killed a death yak
 15140 | Lair:3   | Killed a death yak
 15166 | Lair:3   | Reached XP level 13. HP: 101/106 MP: 13/13
 15187 | Lair:3   | Reached skill level 10 in Maces & Flails
 15247 | Lair:4   | Reached skill level 5 in Bows
 15426 | Lair:4   | Received a gift from Okawaru
 15438 | Lair:4   | HP: 17/107 [death yak (18)]
 15536 | Lair:4   | Reached skill level 12 in Fighting
 15661 | Lair:4   | Reached skill level 10 in Shields
 15967 | Lair:4   | HP: 18/108 [death yak (15)]
 15968 | Lair:4   | HP: 2/108 [death yak (16)]
 15974 | Lair:4   | Found a staircase to the Swamp.
 16140 | Lair:4   | Reached skill level 6 in Bows
 16372 | Lair:4   | Received a gift from Okawaru
 16375 | Lair:4   | HP: 26/108 [black mamba (7)]
 16388 | Lair:4   | HP: 25/108 [death yak (9)]
 16400 | Lair:4   | HP: 25/109 [death yak (20)]
 16405 | Lair:4   | Reached skill level 11 in Armour
 16925 | Lair:5   | your +5 eveningstar {rare} is engulfed in flames!
 16925 | Lair:5   | V - a +5 eveningstar of flaming (weapon) {rare}
 16975 | Lair:5   | Reached XP level 14. HP: 113/116 MP: 14/14
 16979 | Lair:5   | Identified the +10 plate armour of Okawaru's Condemnation
                  | {Int+5} (Okawaru gifted it to you on level 5 of the Lair of
                  | Beasts)
 16979 | Lair:5   | Received a gift from Okawaru
 17167 | Lair:5   | Reached skill level 11 in Maces & Flails
 17190 | Lair:5   | Found a runed translucent door.
 17192 | Lair:5   | Found a viscous altar of Jiyva.
 17192 | Lair:5   | Found a staircase to the Slime Pits.
 17192 | Lair:5   | Noticed an acid blob
 17192 | Lair:5   | Noticed an acid blob
 17193 | Lair:5   | Noticed an acid blob
 17193 | Lair:5   | Noticed an acid blob
 17460 | Lair:6   | Entered Level 6 of the Lair of Beasts
 18179 | Lair:6   | Reached skill level 1 in Invocations
 18344 | Lair:6   | Reached skill level 7 in Bows
 18390 | Lair:6   | Reached skill level 2 in Invocations
 18570 | Lair:6   | Reached skill level 3 in Invocations
 18777 | Lair:6   | Reached skill level 13 in Fighting
 18791 | Lair:6   | Identified the +8 broad axe of the Unkillable {vamp, *Noise
                  | rPois Dex+4 SInv}
 18803 | Lair:6   | Found a corrupted altar of Lugonu.
 18803 | Lair:6   | Found a one-way gate to the infinite horrors of the Abyss.
 18823 | Lair:6   | You pick up a book of Rime and begin reading...
 18823 | Lair:6   | You add the spells Frozen Ramparts and Ice Form to your
                  | library.
 18830 | Lair:6   | You pick up a book of Decay and begin reading...
 18830 | Lair:6   | You add the spells Corpse Rot and Dispel Undead to your
                  | library.
 18832 | Lair:6   | Identified the +0 ring mail "Goivomn" {Will+}
 18910 | Lair:6   | Reached skill level 11 in Shields
 19151 | Orc:1    | Entered Level 1 of the Orcish Mines
 19202 | Orc:1    | Received a gift from Okawaru
 19203 | Orc:1    | Reached skill level 4 in Invocations
 19212 | Orc:1    | Found a dark tunnel.
 19246 | Volcano  | Entered a volcano
 19649 | Orc:1    | Found Deamihuw's Antique Armour Shop.
 19899 | Orc:1    | Reached skill level 5 in Invocations
 20049 | Orc:2    | Entered Level 2 of the Orcish Mines
 20068 | Orc:2    | Found a staircase to the Elven Halls.
 20341 | Orc:1    | HP: 15/117 [orc knight/+1 great mace (24)]
 20344 | Orc:1    | Received a gift from Okawaru
 20900 | Orc:2    | Identified a +1 robe of the Archmagi
 20942 | Orc:2    | Reached skill level 12 in Armour
 20942 | Orc:2    | Reached XP level 15. HP: 79/116 MP: 19/19
 20979 | Orc:2    | Found Ytant's General Store.
 20979 | Orc:2    | Found Juts's Antique Armour Emporium.
 20991 | Orc:2    | Found Fiaraasm's General Store.
 20991 | Orc:2    | Found Eniyskusk's Magic Scroll Emporium.
 21001 | Orc:2    | Bought a scroll of enchant weapon for 120 gold pieces
 21001 | Orc:2    | Bought a scroll of blinking for 120 gold pieces
 21003 | Orc:2    | Bought an ichor-stained plate armour for 616 gold pieces
 21003 | Orc:2    | Identified the +2 plate armour of the Pleiades {Str+4
                  | Int+2} (You bought it in a shop on level 2 of the Orcish
                  | Mines)
 21348 | D:11     | Reached skill level 6 in Invocations
 21448 | D:12     | your +5 eveningstar of flaming {rare} glows red for a
                  | moment.
 21998 | D:13     | Found a runed translucent gate.
 21999 | D:13     | Found a runed translucent gate.
 22000 | D:13     | Found a runed translucent gate.
 22006 | D:13     | Reached skill level 12 in Maces & Flails
 22019 | D:13     | Identified the +0 chain mail "Gyditigo" {Regen+}
 22040 | D:13     | Reached skill level 12 in Shields
 22083 | D:13     | Noticed ytrimaz's ghost (journeyman DsBe)
 22255 | D:13     | Found a gate to the Vaults.
 22396 | D:14     | You pick up a book of Winter and begin reading...
 22509 | D:14     | Reached skill level 7 in Invocations
 22892 | D:14     | Received a gift from Okawaru
 23360 | D:14     | Found a runed translucent door.
 23361 | D:14     | Identified the +4 trident "Qeomeg" {vorpal, Str+2}
 23362 | D:14     | Noticed Eweu's ghost (adept DjFE)
 23471 | D:14     | Killed Eweu's ghost
 23502 | D:14     | your +6 eveningstar of flaming {rare} glows red for a
                  | moment.
 23557 | D:15     | Entered Level 15 of the Dungeon
 23755 | D:15     | Identified the +5 plate armour of Dice, Bag, and Bottle
                  | {Will+} (Okawaru gifted it to you on level 15 of the
                  | Dungeon)
 23755 | D:15     | Received a gift from Okawaru
 23779 | D:15     | Reached skill level 14 in Fighting
 23792 | D:15     | You pick up a book of Death and begin reading...
 23848 | D:15     | HP: 15/126 [death knight/+4 great sword (28)]
 23854 | D:15     | HP: 25/126 [??? (18)]
 23862 | D:15     | HP: 20/126 [??? (14)]
 24075 | D:14     | Reached skill level 8 in Invocations
 24204 | D:15     | Found Dattit's Magic Scroll Shop.
 24215 | D:15     | Bought a scroll of enchant weapon for 97 gold pieces
 24215 | D:15     | your +7 eveningstar of flaming {rare} glows red for a
                  | moment.
 24290 | D:15     | Found a shimmering blue altar of Sif Muna.
 24347 | D:15     | Found a staircase to the Depths.
 24909 | Snake:1  | Entered Level 1 of the Snake Pit
 25013 | Snake:1  | Noticed Rupert
 25028 | Snake:1  | Paralysed by Rupert for 5 turns
 25034 | Snake:1  | Killed Rupert
 25101 | Snake:1  | Gained mutation: You have an unnaturally thin skeletal
                  | structure. (Dex +6, Stealth+++) [demonic ancestry]
 25101 | Snake:1  | Reached XP level 16. HP: 133/133 MP: 22/22
 25205 | Snake:1  | Reached skill level 9 in Invocations
 25267 | Snake:1  | Found Yjajul's Book Emporium.
 25269 | Snake:1  | Found Liyquschi's General Store.
 25269 | Snake:1  | Found Usirut's Distillery.
 25283 | Snake:1  | Found Cenim's Antique Armour Emporium.
 25296 | Snake:1  | Bought a potion of heal wounds for 80 gold pieces
 25296 | Snake:1  | Bought 2 potions of heal wounds for 160 gold pieces
 25435 | Snake:1  | You add the spells Alistair's Intoxication, Borgnjor's Vile
                  | Clutch and Eringya's Noxious Bog to your library.
 25928 | Snake:2  | Reached skill level 13 in Armour
 26029 | Snake:2  | Reached skill level 13 in Shields
 26586 | Snake:3  | Reached skill level 13 in Maces & Flails
 26586 | Snake:3  | Reached skill level 10 in Invocations
 26630 | Snake:3  | Received a gift from Okawaru
 27228 | Snake:4  | Entered Level 4 of the Snake Pit
 27656 | Snake:4  | Received a gift from Okawaru
 27656 | Snake:4  | Found the +4 robe of Folly {Brilliance Will-∞ Int+8}
 27657 | Snake:4  | Reached skill level 15 in Fighting
 27736 | Snake:4  | magus.rc [v1.11.3]
 27993 | Snake:4  | Noticed Vashnia
 28002 | Snake:4  | Reached skill level 11 in Invocations
 28037 | Snake:4  | Killed Vashnia
 28343 | Snake:4  | Reached XP level 17. HP: 137/142 MP: 25/25
 28984 | Snake:4  | HP: 11/142 [salamander tyrant (26)]
 29398 | Snake:4  | Noticed Louise
 29475 | Snake:4  | Killed Louise
 29637 | Snake:4  | Identified the +1 robe of Love and Death {Dex+4} (Okawaru
                  | gifted it to you on level 4 of the Snake Pit)
 29637 | Snake:4  | Received a gift from Okawaru
 29823 | Snake:4  | Reached skill level 12 in Invocations
 29906 | Snake:4  | Got a serpentine rune of Zot
 30164 | Swamp:1  | Entered Level 1 of the Swamp
 30197 | Lair:4   | Reached skill level 14 in Armour
 30371 | Swamp:1  | your +8 eveningstar of flaming {rare} glows red for a
                  | moment.
 30380 | Swamp:1  | Reached skill level 14 in Shields
 30584 | Swamp:1  | Noticed Kirke
 30597 | Swamp:1  | your +9 eveningstar of flaming {rare} melds into your body.
 30597 | Swamp:1  | your +9 eveningstar of flaming {rare} stops flaming.
 30635 | Lair:4   | your +9 eveningstar of flaming {rare} unmelds from your
                  | body.
 30635 | Lair:4   | your +9 eveningstar of flaming {rare} bursts into flame!
 30676 | Swamp:1  | Killed Kirke
 30743 | Swamp:1  | Reached skill level 14 in Maces & Flails
 31532 | Swamp:2  | Reached skill level 13 in Invocations
 31599 | Swamp:2  | Received a gift from Okawaru
 31814 | Swamp:2  | Reached skill level 16 in Fighting
 32141 | Swamp:3  | Gained mutation: You regenerate a lot of health from kills.
                  | [demonic ancestry]
 32141 | Swamp:3  | Reached XP level 18. HP: 97/151 MP: 27/27
 32367 | Swamp:3  | Noticed Mlioglotl
 32403 | Swamp:3  | Killed Mlioglotl
 32782 | Swamp:3  | You pick up a book of Spectacle and begin reading...
 32782 | Swamp:3  | You add the spells Dazzling Flash, Iskenderun's Mystic
                  | Blast and Starburst to your library.
 32916 | Swamp:3  | Received a gift from Okawaru
 32918 | Swamp:3  | a +5 quick blade {rare}; a +0 spear
 32918 | Swamp:3  | a +5 quick blade {rare}; a +0 spear
 32918 | Swamp:3  | Could not pick up a +5 quick blade {rare} here; ([A]lways)
                  | ignore it?
 32918 | Swamp:3  | Could not pick up a +5 quick blade {rare} here; ([A]lways)
                  | ignore it?
 33139 | Swamp:4  | Entered Level 4 of the Swamp
 33409 | Swamp:4  | Reached skill level 14 in Invocations
 33462 | Swamp:4  | Received a gift from Okawaru
 33493 | Swamp:4  | Got a decaying rune of Zot
 33589 | Swamp:4  | Found a transporter.
 33594 | Swamp:4  | Found a transporter.
 33594 | Swamp:4  | Noticed Balder's ghost (journeyman DsFi)
 33595 | Swamp:4  | Noticed a tentacled monstrosity
 33599 | Swamp:4  | Noticed a tentacled monstrosity
 33844 | Swamp:4  | You pick up a book of Unlife and begin reading...
 34165 | Swamp:4  | Reached skill level 15 in Armour
 34208 | Swamp:4  | Reached skill level 15 in Shields
 34269 | Swamp:4  | You add the spells Conjure Flame, Ignite Poison and Sticky
                  | Flame to your library.
 34285 | Swamp:4  | You pick up a book of Storms and begin reading...
 34285 | Swamp:4  | You add the spells Airstrike and Lightning Bolt to your
                  | library.
 34776 | Vaults:1 | Entered Level 1 of the Vaults
 34950 | Vaults:1 | Identified the +5 longbow of Extermination {vorpal, rC+
                  | Str+3 Int+4} (Okawaru gifted it to you on level 1 of the
                  | Vaults)
 34950 | Vaults:1 | Received a gift from Okawaru
 34966 | Vaults:1 | Paralysed by a great orb of eyes for 4 turns
 34977 | Vaults:1 | HP: 37/153 [cyan very ugly thing (21)]
 34977 | Vaults:1 | HP: 9/153 [vault guard/+1 great mace of protection[a vault
                  | warden] (28)]
 34981 | D:13     | HP: 3/153 [vault guard/+1 vorpal great mace[a vault warden]
                  | (20)]
 34985 | D:13     | Reached skill level 15 in Maces & Flails
 35370 | D:13     | Killed ytrimaz's ghost
 35376 | D:13     | You add the spells Sting, Poisonous Vapours and Olgreb's
                  | Toxic Radiance to your library.
 35425 | Vaults:1 | Paralysed by a great orb of eyes for 5 turns
 35450 | D:13     | Upgraded the game from 0.29-a0-653-gd47aff6735 to
                  | 0.29-a0-664-gff9cad4a3d
 35450 | D:13     | magus.rc [v1.11.3]
 35540 | Vaults:1 | You are cast into the Abyss!
 35540 | Vaults:1 | Cast into level 2 of the Abyss (a wizard)
 35597 | Abyss:2  | Gained mutation: Your melee attacks may debilitate your
                  | foes. [demonic ancestry]
 35597 | Abyss:2  | Reached XP level 19. HP: 149/159 MP: 30/30
 35661 | Abyss:2  | Reached skill level 15 in Invocations
 35670 | Abyss:2  | Found a corrupted altar of Lugonu.
 35673 | Abyss:2  | Found a blossoming altar of Fedhas.
 35765 | Vaults:1 | You pass through the gate.
 35765 | Vaults:1 | Escaped the Abyss
 35776 | Vaults:1 | Identified the +2 pair of boots of Vicac {Will++ Stlth+}
                  | (Okawaru gifted it to you on level 1 of the Vaults)
 35776 | Vaults:1 | Received a gift from Okawaru
 35827 | Vaults:1 | Reached skill level 17 in Fighting
 36101 | Vaults:1 | Identified the +11 morningstar of a ziggurat {drain, rPois
                  | rF+ Str-3}
 37512 | Vaults:2 | Received a gift from Okawaru
 37794 | Vaults:2 | Reached skill level 16 in Invocations
 38031 | Vaults:2 | You fall into a shaft and drop 2 floors!
 38526 | Vaults:2 | Found Tauwny's Weapon Emporium.
 38821 | Vaults:2 | Noticed a bone dragon
 38847 | Vaults:2 | Killed a bone dragon
 38848 | Vaults:2 | Reached skill level 16 in Armour
 38848 | Vaults:2 | Reached skill level 16 in Shields
 38859 | Vaults:2 | Found a staircase to the Crypt.
 39124 | Vaults:3 | Gained mutation: You are surrounded by an aura of silence.
                  | [demonic ancestry]
 39124 | Vaults:3 | Reached XP level 20. HP: 146/170 MP: 32/32
 39202 | Vaults:3 | Reached skill level 16 in Maces & Flails
 39475 | Vaults:3 | Identified the +1 cloak of Liberalism {Harm} (Okawaru
                  | gifted it to you on level 3 of the Vaults)
 39475 | Vaults:3 | Received a gift from Okawaru
 39592 | Vaults:3 | Reached skill level 18 in Fighting
 39743 | Vaults:3 | Found Vorphiezxogg's Armour Shop.
 40164 | Vaults:3 | You pick up a book of the Dragon and begin reading...
 40501 | Vaults:4 | Identified the +2 lajatang of Conscience {spect, Int+2}
                  | (Okawaru gifted it to you on level 4 of the Vaults)
 40501 | Vaults:4 | Received a gift from Okawaru
 40593 | Vaults:4 | You pick up a book of Beasts and begin reading...
 40911 | Vaults:5 | Entered Level 5 of the Vaults
 40911 | Vaults:5 | Noticed a dread lich
 40912 | Vaults:5 | Noticed a dread lich
 40960 | Arena    | Entered the Arena
 41347 | Elf:1    | Entered Level 1 of the Elven Halls
 41464 | Elf:1    | You fall into a shaft and drop 1 floor!
 41469 | Elf:2    | Found a huge runed translucent gate.
 41469 | Elf:2    | Found a huge runed translucent gate.
 41469 | Elf:2    | Found a huge runed translucent gate.
 41469 | Elf:2    | Found a huge runed translucent gate.
 41470 | Elf:2    | Found a huge runed translucent gate.
 41475 | Elf:2    | Reached skill level 17 in Shields
 41497 | Elf:2    | Reached skill level 17 in Armour
 41521 | Elf:2    | Identified the +1 great mace of the Sage {elec, rC++}
                  | (Okawaru gifted it to you on level 2 of the Elven Halls)
 41521 | Elf:2    | Received a gift from Okawaru
 41645 | Elf:2    | You pick up a book of Debilitation and begin reading...
 41645 | Elf:2    | You add the spells Slow, Vampiric Draining and Confusing
                  | Touch to your library.
 42036 | Elf:2    | Found Yzxanoaph's Armour Emporium.
 42036 | Elf:2    | Found Ashriupu's Weapon Shop.
 42296 | Elf:1    | Reached skill level 19 in Fighting
 42511 | Elf:1    | Reached XP level 21. HP: 149/180 MP: 33/33
 42847 | Elf:1    | Paralysed by an air elemental for 1 turns
 42853 | Elf:1    | Paralysed by an air elemental for 1 turns
 42970 | Elf:2    | Found Haik's Armour Emporium.
 43682 | Elf:2    | Identified the +4 scale mail of Fortification {Will- rCorr
                  | Str+7} (Okawaru gifted it to you on level 2 of the Elven
                  | Halls)
 43682 | Elf:2    | Received a gift from Okawaru
 44130 | Elf:3    | Entered Level 3 of the Elven Halls
 44494 | Elf:3    | You add the spells Shock and Leda's Liquefaction to your
                  | library.
 44494 | Elf:3    | Got the Catalogue of Ensnaring Combat Magic
 44721 | Elf:3    | Identified the +4 scale mail of the First Snow {Str+2}
 44978 | Elf:3    | Identified the amulet "Qufeb" {Reflect -Tele rF++ Will+
                  | Regen+ SH+5}
 44982 | Elf:3    | Reached skill level 18 in Shields
 45063 | Elf:3    | Identified the +6 chain mail "Jionuxuo" {+Blink +Inv Str-4
                  | Dex+4}
 45091 | Elf:3    | Identified the ring "Mattazaery" {Drain Fly Int+7}
 45103 | Elf:3    | Reached skill level 18 in Armour
 45142 | Elf:3    | Identified the +3 halberd of the Final Leylines {vamp,
                  | Drain +Blink Str+4 Int+2}
 45150 | Elf:3    | Identified the +9 great sword of Guming {venom, rPois}
 45151 | Elf:3    | Identified the amulet "Gyujehis" {Faith Dex+6}
 45195 | Elf:3    | a deep elf archer comes into view. It is wielding the +3
                  | sling "Punk" {acid, rCorr}.
 45328 | Elf:3    | You pick up a book of Hexes and begin reading...
 45380 | Elf:3    | You pick up a book of Fire and begin reading...
 45380 | Elf:3    | You add the spells Fireball and Ignition to your library.
 45382 | Elf:3    | Got the Papyrus of Poison and Air
 45384 | Elf:3    | Identified the +5 long sword "Huesum" {vorpal, rF+ Int-4
                  | SInv}
 45387 | Elf:3    | You pick up a book of Air and begin reading...
 45398 | Elf:3    | You pick up a book of Necromancy and begin reading...
 45398 | Elf:3    | You add the spells Necrotize and Agony to your library.
 45400 | Elf:3    | Identified the +1 hand crossbow "Gaulaots" {elec, rPois}
 45407 | Elf:3    | You pick up a book of Scorching and begin reading...
 45407 | Elf:3    | You add the spells Scorch and Flame Wave to your library.
 45435 | Elf:3    | Identified the ring of the Final Chapter {Will- rCorr Int+6
                  | Dex-3}
 45444 | Elf:3    | Identified the ring of the Garden {Ice Stlth+}
 46154 | Depths:1 | Entered Level 1 of the Depths
 46268 | Depths:1 | HP: 40/182 [fire dragon/blast of flame (41)]
 46273 | Depths:1 | HP: 5/182 [fire dragon/blast of flame (36)]
 46472 | Depths:1 | Reached skill level 20 in Fighting
 46481 | Depths:1 | You pick up a book of Dreams and begin reading...
 46481 | Depths:1 | You add the spells Ensorcelled Hibernation, Spider Form and
                  | Anguish to your library.
 46621 | Depths:1 | Found a one-way gate leading to the halls of Pandemonium.
 46731 | Depths:1 | Found Dodghel's General Store.
 46731 | Depths:1 | Found Jeuck's Magic Scroll Shop.
 46745 | Depths:1 | Bought a potion of heal wounds for 110 gold pieces
 46747 | Depths:1 | Found a gateway to Hell.
 46811 | Depths:1 | Identified the +5 kite shield "Faxoukh" {Int+2} (Okawaru
                  | gifted it to you on level 1 of the Depths)
 46811 | Depths:1 | Received a gift from Okawaru
 47123 | Depths:1 | Reached skill level 1 in Slings
 47201 | Depths:1 | Found a runed translucent door.
 47204 | Depths:1 | Found a radiant altar of Vehumet.
 47204 | Depths:1 | Noticed an ancient lich
 47223 | Depths:1 | Killed an ancient lich
 47237 | Depths:1 | Reached skill level 2 in Slings
 47237 | Depths:1 | Reached XP level 22. HP: 190/190 MP: 34/34
 47246 | Depths:1 | Got the Grimoire of Confrontation
 47249 | Depths:1 | You pick up a book of Power and begin reading...
 47252 | Depths:1 | You pick up a book of Annihilations and begin reading...
 47252 | Depths:1 | You add the spells Fire Storm and Shatter to your library.
 47255 | Depths:1 | You pick up a book of Conjurations and begin reading...
 47255 | Depths:1 | You add the spells Magic Dart, Searing Ray and Fulminant
                  | Prism to your library.
 47415 | Depths:2 | Noticed the Enchantress
 47453 | Depths:2 | Killed the Enchantress
 48084 | Depths:2 | Reached skill level 3 in Slings
 48790 | Depths:2 | Found a shadowy altar of Dithmenos.
 49398 | Depths:3 | Reached skill level 4 in Slings
 49663 | Depths:3 | Found a runed translucent door.
 49663 | Depths:3 | Found a runed translucent door.
 49663 | Depths:3 | Noticed a golden dragon
 49703 | Depths:3 | Noticed a golden dragon
 49719 | Depths:3 | Killed a golden dragon
 49719 | Depths:3 | Received a gift from Okawaru
 49776 | Depths:3 | Found a blossoming altar of Fedhas.
 49922 | Depths:3 | You add the spells Passage of Golubria and Yara's Violent
                  | Unravelling to your library.
 50145 | Depths:3 | Reached skill level 5 in Slings
 50165 | Depths:3 | Reached skill level 19 in Shields
 50229 | Depths:3 | Noticed a golden dragon
 50261 | Depths:3 | Killed a golden dragon
 50261 | Depths:3 | Identified +0 gold dragon scales
 50265 | Depths:3 | Reached skill level 19 in Armour
 50303 | Depths:3 | Z - +0 gold dragon scales {rare}
 50315 | Depths:3 | Noticed Sojobo
 50335 | Depths:3 | Killed Sojobo
 50415 | Depths:3 | Noticed a caustic shrike
 50553 | Depths:3 | Received a gift from Okawaru
 50643 | Depths:3 | Killed a caustic shrike
 50653 | Depths:3 | +0 storm dragon scales {rare}; a storm dragon skeleton
 50653 | Depths:3 | +0 storm dragon scales {rare}; a storm dragon skeleton
 50653 | Depths:3 | Could not pick up +0 storm dragon scales {rare} here;
                  | ([A]lways) ignore it?
 50653 | Depths:3 | Could not pick up +0 storm dragon scales {rare} here;
                  | ([A]lways) ignore it?
 50653 | Depths:3 | Could not pick up +0 storm dragon scales {rare} here;
                  | ([A]lways) ignore it?
 50745 | Depths:3 | Identified the +10 plate armour of the Final Songs {rF+}
                  | (Okawaru gifted it to you on level 3 of the Depths)
 50745 | Depths:3 | Received a gift from Okawaru
 50957 | Depths:3 | Reached skill level 21 in Fighting
 50957 | Depths:3 | Reached skill level 6 in Slings
 51012 | Depths:3 | Noticed a golden dragon
 51052 | Depths:3 | Killed a golden dragon
 51052 | Depths:3 | Identified +0 gold dragon scales
 51054 | Depths:3 | +0 gold dragon scales {rare}; a golden dragon corpse
 51071 | Depths:3 | +0 gold dragon scales {rare}; a golden dragon corpse
 51093 | Depths:3 | +0 gold dragon scales {rare}; a golden dragon corpse
 51100 | Depths:3 | +0 gold dragon scales {rare}; a golden dragon corpse
 51100 | Depths:3 | +0 gold dragon scales {rare}; a golden dragon corpse
 51100 | Depths:3 | Could not pick up +0 gold dragon scales {rare} here;
                  | ([A]lways) ignore it?
 51100 | Depths:3 | Could not pick up +0 gold dragon scales {rare} here;
                  | ([A]lways) ignore it?
 51100 | Depths:3 | Could not pick up +0 gold dragon scales {rare} here;
                  | ([A]lways) ignore it?
 51118 | Depths:3 | Identified a potion of experience
 51126 | Depths:3 | Reached skill level 4 in Throwing
 51126 | Depths:3 | Reached XP level 23. HP: 200/200 MP: 35/35
 51425 | Depths:3 | Reached XP level 24. HP: 202/208 MP: 35/35
 51545 | Depths:3 | +0 shadow dragon scales {rare}; a shadow dragon corpse
 51545 | Depths:3 | +0 shadow dragon scales {rare}; a shadow dragon corpse
 51545 | Depths:3 | Could not pick up +0 shadow dragon scales {rare} here;
                  | ([A]lways) ignore it?
 51545 | Depths:3 | Could not pick up +0 shadow dragon scales {rare} here;
                  | ([A]lways) ignore it?
 51545 | Depths:3 | Could not pick up +0 shadow dragon scales {rare} here;
                  | ([A]lways) ignore it?
 51558 | Depths:3 | +0 shadow dragon scales {rare}; a shadow dragon corpse
 51675 | Depths:3 | Noticed a caustic shrike
 51685 | Depths:3 | Reached skill level 7 in Slings
 51694 | Depths:3 | Killed a caustic shrike
 51712 | Depths:3 | a +1 battleaxe of freezing; +0 shadow dragon scales {rare};
                  | a shadow dragon corpse
 51913 | Depths:3 | Noticed a caustic shrike
 51920 | Depths:3 | Killed a caustic shrike
 52186 | Depths:3 | Found a one-way gateway to a ziggurat.
 52229 | Depths:3 | You pick up a book of Cantrips and begin reading...
 52490 | Depths:4 | Entered Level 4 of the Depths
 52586 | Depths:4 | Identified the +4 ring mail "Anoobrai" {Will+ Str+5 Dex-4}
                  | (Okawaru gifted it to you on level 4 of the Depths)
 52586 | Depths:4 | Received a gift from Okawaru
 52727 | Depths:4 | Noticed a juggernaut
 52747 | Depths:4 | Killed a juggernaut
 53056 | Depths:4 | You pick up a book of Dreams and begin reading...
 53152 | Depths:4 | Found a gate to the Realm of Zot.
 53210 | Depths:4 | Reached skill level 8 in Slings
 53318 | Depths:4 | +0 storm dragon scales {rare}; a storm dragon corpse
 53772 | Depths:4 | Gained mutation: You have large cloven feet. [potion of
                  | mutation]
 53772 | Depths:4 | Gained mutation: Your mind is acute. (Int +4, Str/Dex-1)
                  | [potion of mutation]
 53773 | Depths:4 | Lost mutation: You have large cloven feet. [potion of
                  | mutation]
 53773 | Depths:4 | Lost mutation: Your mind is acute. (Int +4, Str/Dex-1)
                  | [potion of mutation]
 53773 | Depths:4 | Gained mutation: Your mind is acute. (Int +4, Str/Dex-1)
                  | [potion of mutation]
 53774 | Depths:4 | Lost mutation: Your mind is acute. (Int +4, Str/Dex-1)
                  | [potion of mutation]
 53774 | Depths:4 | Gained mutation: Your magical capacity is low. (-10% MP)
                  | [potion of mutation]
 53775 | Depths:4 | Lost mutation: Your magical capacity is low. (-10% MP)
                  | [potion of mutation]
 53775 | Depths:4 | Gained mutation: You are occasionally teleported next to
                  | monsters. [potion of mutation]
 53775 | Depths:4 | Gained mutation: You tend to lose your temper in combat.
                  | [potion of mutation]
 53775 | Depths:4 | Gained mutation: You are weak. (Str -2) [potion of
                  | mutation]
 53776 | Depths:4 | Lost mutation: You are occasionally teleported next to
                  | monsters. [potion of mutation]
 53776 | Depths:4 | Lost mutation: You tend to lose your temper in combat.
                  | [potion of mutation]
 53776 | Depths:4 | Gained mutation: You expend magic power (3 MP) to
                  | strengthen your wands. [potion of mutation]
 53776 | Depths:4 | Gained mutation: Your body sometimes deteriorates upon
                  | taking damage. [potion of mutation]
 53776 | Depths:4 | Gained mutation: Your magical capacity is low. (-10% MP)
                  | [potion of mutation]
 53777 | Depths:4 | Lost mutation: Your body sometimes deteriorates upon taking
                  | damage. [potion of mutation]
 53777 | Depths:4 | Lost mutation: You expend magic power (3 MP) to strengthen
                  | your wands. [potion of mutation]
 53777 | Depths:4 | Lost mutation: You are weak. (Str -2) [potion of mutation]
 53777 | Depths:4 | Gained mutation: You are resistant to electric shocks.
                  | (rElec) [potion of mutation]
 53777 | Depths:4 | Gained mutation: You have hidden genetic potential. [potion
                  | of mutation]
 53777 | Depths:4 | Gained mutation: You are agile. (Dex +4, Int/Str-1) [potion
                  | of mutation]
 53777 | Depths:4 | Gained mutation: You are covered in fur. (AC +1) [potion of
                  | mutation]
 53987 | Crypt:1  | Entered Level 1 of the Crypt
 54203 | Vaults:2 | your +0 gold dragon scales {rare} glow green for a moment.
 54393 | Depths:1 | your +1 gold dragon scales {rare} glow green for a moment.
 54484 | Depths:2 | your +2 gold dragon scales {rare} glow green for a moment.
 54539 | Depths:3 | your +3 gold dragon scales {rare} glow green for a moment.
 54925 | Swamp:4  | your +4 gold dragon scales {rare} glow green for a moment.
 55119 | Swamp:4  | Killed Balder's ghost
 56153 | Lair:2   | Killed Esaaleno's ghost
 56288 | Slime:1  | Entered Level 1 of the Pits of Slime
 56380 | Slime:4  | Noticed Dissolution
 56389 | Slime:4  | Killed Dissolution
 56390 | Slime:4  | Reached skill level 20 in Armour
 56390 | Slime:4  | Reached skill level 20 in Shields
 56426 | Slime:5  | Entered Level 5 of the Pits of Slime
 56441 | Slime:5  | Identified the +0 ring mail of Pacviehi {rC+ Slay+3}
                  | (Okawaru gifted it to you on level 5 of the Pits of Slime)
 56441 | Slime:5  | Received a gift from Okawaru
 56449 | Slime:5  | Gained mutation: You occasionally shout uncontrollably at
                  | your foes. [a shining eye]
 56553 | Slime:5  | Reached skill level 9 in Slings
 56796 | Slime:5  | Noticed the Royal Jelly
 56807 | Arena    | Entered the Arena
 56830 | Arena    | Killed the Royal Jelly
 56831 | Arena    | Reached skill level 22 in Fighting
 57097 | Slime:5  | Found the +6 Majin-Bo {vamp, MP+6 Int+6}
 57098 | Slime:5  | Found the +7 lajatang of Order {silver, rMut}
 57102 | Slime:5  | Got the Tome of Entrancing Earth
 57104 | Slime:5  | Identified the amulet "Owimpag" {Spirit rN+}
 57113 | Slime:5  | You pick up a book of Annihilations and begin reading...
 57122 | Slime:5  | Identified the +2 pair of boots "Daar" {Int+2 Dex+3}
 57124 | Slime:5  | You add the spells Wereblood and Blade Hands to your
                  | library.
 57124 | Slime:5  | Got the Catalogue of Evil Arts and Changing
 57136 | Slime:5  | Identified the +9 short sword of Breach {freeze, Will+
                  | Str+6}
 57157 | Slime:5  | Got a slimy rune of Zot
 57158 | Slime:5  | Identified the +0 cloak of the Gate {rElec rN+ Str-3}
 57892 | Crypt:1  | Noticed a curse skull
 57898 | Crypt:1  | Killed a curse skull
 57899 | Crypt:1  | Reached XP level 25. HP: 217/217 MP: 31/31
 58250 | Crypt:2  | Noticed Boris
 58265 | Crypt:2  | Killed Boris
 58489 | Crypt:2  | Reached skill level 10 in Slings
 58568 | Crypt:2  | Noticed Bai Suzhen
 58590 | Crypt:2  | HP: 53/217 [lich/bolt of cold (25)]
 58592 | Crypt:2  | Killed Bai Suzhen
 58823 | Crypt:3  | Entered Level 3 of the Crypt
 58994 | Crypt:3  | Noticed a curse skull
 59008 | Arena    | Entered the Arena
 59011 | Arena    | HP: 38/217 [??? (28)]
 59017 | Arena    | Killed a curse skull
 59359 | Crypt:3  | Identified the +1 tower shield of the Trees {rN+ Str+3}
                  | (Okawaru gifted it to you on level 3 of the Crypt)
 59359 | Crypt:3  | Received a gift from Okawaru
 59489 | Crypt:3  | Identified the ring "Oxkiusm" {rN+ Dex+2 Slay+2}
 59561 | Crypt:3  | Reached skill level 11 in Slings
 59577 | Crypt:3  | Gained mutation: Your natural rate of healing is unusually
                  | fast. [hidden potential]
 60008 | Crypt:3  | Found a staircase to the Tomb.
 60098 | Crypt:3  | Reached skill level 21 in Shields
 60113 | Crypt:3  | Reached skill level 21 in Armour
 60182 | Crypt:3  | Found an ancient bone altar of Kikubaaqudgha.
 60375 | Crypt:3  | Got Wing's Guide on Creative Stones
 60376 | Crypt:3  | Identified the ring "Ycoteu" {rPois rN+}
 60482 | Crypt:3  | Identified the +6 battleaxe "Quxkip" {speed, rElec}
 60493 | Crypt:3  | You pick up a book of Maledictions and begin reading...
 60641 | Crypt:3  | Found a basalt altar of Yredelemnul.
 61069 | Vaults:4 | You finish putting on your +5 gold dragon scales {rare}.
 61337 | Vaults:4 | Killed a dread lich
 61340 | Vaults:5 | your +9 eveningstar of flaming {rare} stops flaming.
 61344 | Vaults:5 | your +9 eveningstar of flaming {rare} bursts into flame!
 61344 | Vaults:5 | V - a +9 eveningstar of flaming (weapon) {rare}
 61364 | Vaults:5 | Noticed an ancient lich
 61387 | Vaults:5 | Killed an ancient lich
 61468 | Vaults:5 | Noticed an ancient lich
 61480 | Vaults:5 | Reached skill level 12 in Slings
 61500 | Vaults:5 | Killed an ancient lich
 61604 | Vaults:5 | Identified the +8 crystal plate armour "Xyghyj Vesann"
                  | {rPois Str+7} (Okawaru gifted it to you on level 5 of the
                  | Vaults)
 61604 | Vaults:5 | Received a gift from Okawaru
 61628 | Vaults:5 | Could not pick up the +8 crystal plate armour "Xyghyj
                  | Vesann" {rPois Str+7, rare} here; ([A]lways) ignore it?
 61628 | Vaults:5 | Could not pick up the +8 crystal plate armour "Xyghyj
                  | Vesann" {rPois Str+7, rare} here; ([A]lways) ignore it?
 61628 | Vaults:5 | Could not pick up the +8 crystal plate armour "Xyghyj
                  | Vesann" {rPois Str+7, rare} here; ([A]lways) ignore it?
 61628 | Vaults:5 | Could not pick up the +8 crystal plate armour "Xyghyj
                  | Vesann" {rPois Str+7, rare} here; ([A]lways) ignore it?
 61629 | Vaults:5 | W - the +8 crystal plate armour "Xyghyj Vesann" {rPois
                  | Str+7, rare}
 61677 | Vaults:5 | Noticed an ancient lich
 61688 | Vaults:5 | Killed an ancient lich
 61841 | Vaults:5 | Gained mutation: A meltable icy envelope protects you from
                  | harm. (AC +0) [demonic ancestry]
 61841 | Vaults:5 | Reached XP level 26. HP: 215/220 MP: 31/31
 62036 | Vaults:5 | Noticed a dread lich
 62053 | Vaults:5 | Killed a dread lich
 62067 | Vaults:5 | Got a silver rune of Zot
 62267 | Vaults:5 | Killed a dread lich
 62301 | Vaults:5 | Reached skill level 13 in Slings
 62333 | Vaults:5 | Noticed a dread lich
 62359 | Vaults:5 | Killed a dread lich
 62424 | Vaults:5 | Reached skill level 22 in Armour
 62424 | Vaults:5 | Reached skill level 22 in Shields
 62491 | Vaults:5 | Received a gift from Okawaru
 62496 | Vaults:5 | Could not pick up quicksilver dragon scales {rare} here;
                  | ([A]lways) ignore it?
 62496 | Vaults:5 | Could not pick up quicksilver dragon scales {rare} here;
                  | ([A]lways) ignore it?
 62496 | Vaults:5 | Could not pick up quicksilver dragon scales {rare} here;
                  | ([A]lways) ignore it?
 62739 | Vaults:5 | Gained mutation: You sometimes lose the ability to read
                  | scrolls when taking damage. [a shining eye]
 62745 | Vaults:5 | Got the Handbook of Hurtful Toxins
 62914 | Vaults:5 | You pick up a book of Spatial Translocations and begin
                  | reading...
 62914 | Vaults:5 | You add the spells Blink, Lesser Beckoning and Manifold
                  | Assault to your library.
 63110 | Vaults:5 | Lost mutation: You are covered in fur. (AC +1) [potion of
                  | mutation]
 63110 | Vaults:5 | Lost mutation: You occasionally shout uncontrollably at
                  | your foes. [potion of mutation]
 63110 | Vaults:5 | Lost mutation: You sometimes lose the ability to read
                  | scrolls when taking damage. [potion of mutation]
 63110 | Vaults:5 | Gained mutation: Your mind is acute. (Int +4, Str/Dex-1)
                  | [potion of mutation]
 63448 | Zot:1    | Entered Level 1 of the Realm of Zot
 63527 | Zot:1    | Gained mutation: Your system is resistant to poisons.
                  | (rPois) [hidden potential]
 63527 | Zot:1    | Lost mutation: You have hidden genetic potential. [hidden
                  | potential expressed]
 63660 | Zot:1    | Reached skill level 14 in Slings
 63837 | Zot:1    | Noticed an electric golem
 63893 | Zot:1    | Killed an electric golem
 63993 | Zot:1    | Reached skill level 15 in Slings
 64256 | Zot:2    | Noticed an orb of fire
 64258 | Zot:2    | Gained mutation: Your spells are a little easier to cast,
                  | but a little less powerful. [an orb of fire]
 64262 | Zot:2    | Gained mutation: You are weak. (Str -2) [an orb of fire]
 64266 | Zot:2    | HP: 53/224 [Killer Klown/klown pie (39)]
 64646 | Zot:2    | Identified +0 gold dragon scales
 64648 | Zot:2    | +0 gold dragon scales {rare}; a golden dragon corpse
 64692 | Zot:2    | Gained mutation: You occasionally shout uncontrollably at
                  | your foes. [an orb of fire]
 64693 | Zot:2    | Gained mutation: You have hidden genetic defects. [an orb
                  | of fire]
 64695 | Zot:2    | your +9 eveningstar of flaming {rare} stops flaming.
 64708 | Zot:2    | Gained mutation: You are occasionally teleported next to
                  | monsters. [an orb of fire]
 64710 | Zot:2    | HP: 29/224 [orb of fire/bolt of fire (33)]
 64710 | Zot:2    | HP: 14/224 [storm dragon/bolt of lightning (15)]
 64712 | Zot:2    | your +9 eveningstar of flaming {rare} bursts into flame!
 64712 | Zot:2    | V - a +9 eveningstar of flaming (weapon) {rare}
 64713 | Zot:2    | Gained mutation: You are frail. (-10% HP) [an orb of fire]
 64724 | Zot:2    | Killed an orb of fire
 64729 | Zot:2    | Lost mutation: Your system is resistant to poisons. (rPois)
                  | [potion of mutation]
 64729 | Zot:2    | Lost mutation: You are frail. (-10% HP) [potion of
                  | mutation]
 64729 | Zot:2    | Lost mutation: You are resistant to electric shocks.
                  | (rElec) [potion of mutation]
 64729 | Zot:2    | Gained mutation: Your flesh is heat resistant. (rF+)
                  | [potion of mutation]
 64730 | Zot:2    | Lost mutation: Your flesh is heat resistant. (rF+) [potion
                  | of mutation]
 64730 | Zot:2    | Lost mutation: You are weak. (Str -2) [potion of mutation]
 64730 | Zot:2    | Lost mutation: You are occasionally teleported next to
                  | monsters. [potion of mutation]
 64730 | Zot:2    | Lost mutation: Your spells are a little easier to cast, but
                  | a little less powerful. [potion of mutation]
 64730 | Zot:2    | Gained mutation: Your flesh is heat resistant. (rF+)
                  | [potion of mutation]
 64731 | Zot:2    | Lost mutation: Your flesh is heat resistant. (rF+) [potion
                  | of mutation]
 64731 | Zot:2    | Lost mutation: Your natural rate of healing is unusually
                  | fast. [potion of mutation]
 64731 | Zot:2    | Gained mutation: Your mind is very acute. (Int +8,
                  | Str/Dex-2) [potion of mutation]
 64732 | Zot:2    | Lost mutation: You are agile. (Dex +4, Int/Str-1) [potion
                  | of mutation]
 64732 | Zot:2    | Lost mutation: You have hidden genetic defects. [potion of
                  | mutation]
 64732 | Zot:2    | Gained mutation: You are agile. (Dex +4, Int/Str-1) [potion
                  | of mutation]
 64732 | Zot:2    | Lost mutation: Your mind is very acute. (Int +8, Str/Dex-2)
                  | [potion of mutation]
 64858 | Zot:2    | +0 gold dragon scales {rare}; a golden dragon corpse
 64964 | Zot:2    | Reached skill level 5 in Throwing
 64974 | Zot:2    | Noticed an electric golem
 65004 | Zot:2    | HP: 44/224 [electric golem (20)]
 65007 | Zot:2    | Killed an electric golem
 65421 | Zot:2    | Received a gift from Okawaru
 65799 | Zot:2    | Identified the +5 morningstar of Puemp {vorpal, rC+ Str+4}
 66279 | Snake:1  | Bought a potion of curing for 48 gold pieces
 66279 | Snake:1  | Bought a potion of might for 64 gold pieces
 66279 | Snake:1  | Bought a potion of haste for 160 gold pieces
 66279 | Snake:1  | Bought a potion of haste for 160 gold pieces
 66279 | Snake:1  | Bought a potion of resistance for 160 gold pieces
 66279 | Snake:1  | Bought a potion of mutation for 128 gold pieces
 66279 | Snake:1  | Bought a potion of haste for 160 gold pieces
 66279 | Snake:1  | Bought a potion of mutation for 128 gold pieces
 66283 | Snake:1  | Bought a potion of lignification for 51 gold pieces
 66283 | Snake:1  | Bought a potion of curing for 51 gold pieces
 66283 | Snake:1  | Bought a scroll of silence for 127 gold pieces
 66365 | D:11     | Bought a potion of cancellation for 112 gold pieces
 66365 | D:11     | Bought a potion of flight for 42 gold pieces
 66365 | D:11     | Bought a potion of resistance for 140 gold pieces
 66513 | Orc:2    | Bought 2 potions of might for 112 gold pieces
 66513 | Orc:2    | Bought a scroll of fog for 28 gold pieces
 66960 | Zot:3    | Gained mutation: A meltable icy envelope protects you from
                  | harm. (AC +0) [demonic ancestry]
 66960 | Zot:3    | Reached XP level 27. HP: 85/229 MP: 31/31
 66969 | Zot:3    | Reached skill level 6 in Throwing
 66969 | Zot:3    | Reached skill level 17 in Invocations
 67064 | Zot:3    | Identified +0 gold dragon scales
 67066 | Zot:3    | +0 gold dragon scales {rare}; a golden dragon corpse
 67624 | Zot:3    | Noticed a curse toe
 67630 | Zot:2    | magus.rc [v1.11.3]
 67638 | Zot:3    | Killed a curse toe
 68801 | Zot:3    | Reached skill level 7 in Throwing
 68813 | Zot:3    | HP: 56/231 [black draconian/bolt of lightning (45)]
 68819 | Zot:3    | HP: 48/231 [shock serpent/bolt of electricity (28)]
 68828 | Zot:3    | HP: 53/231 [black draconian/bolt of lightning (30)]
 68833 | Zot:3    | HP: 33/231 [black draconian/bolt of lightning (39)]
 68839 | Zot:3    | HP: 41/231 [shock serpent/electric aura (6)]
 68844 | Zot:3    | HP: 21/231 [black draconian/bolt of lightning (5)]
 69303 | Zot:3    | Identified +6 gold dragon scales
 69303 | Zot:3    | Noticed Parghit
 69319 | Zot:3    | Killed Parghit
 69321 | Zot:3    | 5 large rocks {=f}; +6 gold dragon scales {rare}; a +0
                  | glaive
 69327 | Zot:3    | You finish taking off your +5 gold dragon scales {rare}.
 69327 | Zot:3    | You drop +5 gold dragon scales {rare}.
 69329 | Zot:3    | 5 large rocks {=f}; +6 gold dragon scales {rare}; a +0
                  | glaive
 69333 | Zot:3    | 5 large rocks {=f}; +6 gold dragon scales {rare}; a +0
                  | glaive
 69333 | Zot:3    | Z - +6 gold dragon scales {rare}
 69345 | Zot:3    | You finish putting on your +6 gold dragon scales {rare}.
 69955 | Zot:4    | Reached skill level 17 in Maces & Flails
 70002 | Zot:4    | Noticed an orb of fire
 70003 | Zot:4    | Gained mutation: You sometimes lose the ability to read
                  | scrolls when taking damage. [an orb of fire]
 70015 | Zot:4    | Killed an orb of fire
 70016 | Zot:4    | Reached skill level 18 in Invocations
 70040 | Zot:4    | +0 shadow dragon scales {rare}; a shadow dragon corpse
 70045 | Zot:4    | Noticed a curse toe
 70050 | Zot:4    | Killed a curse toe
 70272 | Zot:4    | +0 storm dragon scales {rare}; a storm dragon corpse
 70423 | Zot:4    | Reached skill level 8 in Throwing
 70733 | Zot:4    | Received a gift from Okawaru
 70946 | Zot:5    | Entered Level 5 of the Realm of Zot
 70961 | Zot:5    | Identified +0 gold dragon scales
 70977 | Zot:5    | +0 gold dragon scales {rare}; a golden dragon corpse
 71098 | Zot:5    | Gained mutation: You are frail. (-10% HP) [mutagenic glow]
 71103 | Zot:5    | Lost mutation: You are agile. (Dex +4, Int/Str-1) [potion
                  | of mutation]
 71103 | Zot:5    | Lost mutation: Your mind is acute. (Int +4, Str/Dex-1)
                  | [potion of mutation]
 71103 | Zot:5    | Gained mutation: You expend magic power (3 MP) to
                  | strengthen your wands. [potion of mutation]
 71103 | Zot:5    | Gained mutation: You have large cloven feet. [potion of
                  | mutation]
 71104 | Zot:5    | Lost mutation: You expend magic power (3 MP) to strengthen
                  | your wands. [potion of mutation]
 71104 | Zot:5    | Lost mutation: Your magical capacity is low. (-10% MP)
                  | [potion of mutation]
 71104 | Zot:5    | Lost mutation: You sometimes lose the ability to read
                  | scrolls when taking damage. [potion of mutation]
 71104 | Zot:5    | Gained mutation: You are somewhat resistant to further
                  | mutation. [potion of mutation]
 71490 | Zig:1    | Entered Level 1 of a ziggurat
 71506 | Zig:2    | Entered Level 2 of a ziggurat
 71525 | Zig:3    | Entered Level 3 of a ziggurat
 71554 | Zig:3    | your +6 gold dragon scales {rare} glow green for a moment.
 71560 | Zig:3    | Identified the +3 dire flail "Xiol" {vorpal, *Noise rN++
                  | Str+4}
 71567 | Zig:4    | Entered Level 4 of a ziggurat
 71569 | Zig:4    | Noticed a royal mummy
 71580 | Zig:4    | Killed a royal mummy
 71581 | Zig:4    | Reached skill level 19 in Invocations
 71583 | Zig:4    | Reached skill level 9 in Throwing
 71622 | Zig:5    | Entered Level 5 of a ziggurat
 71788 | Zig:5    | Identified the +1 cloak "Ymiowkyo" {-Cast rC+ SInv Stlth+}
 71791 | Zig:6    | Entered Level 6 of a ziggurat
 71794 | Zig:6    | Found the +8 frozen axe "Frostbite" {freezing cloud, *Noise
                  | Fly rC+}
 71861 | Zig:7    | Entered Level 7 of a ziggurat
 71867 | Zig:7    | Noticed a juggernaut
 71878 | Zig:7    | Killed a juggernaut
 71918 | Zig:7    | Identified the +10 hand crossbow of Defiance {penet, SInv}
 71928 | Zig:8    | Entered Level 8 of a ziggurat
 71995 | Zig:8    | Identified the +7 spear of the Volcano {holy, *Noise Fly
                  | Str+7 Stlth+}
 72001 | Zig:8    | You pick up a book of the Hunter and begin reading...
 72002 | Zig:8    | Identified the +5 hand axe "Darphiapt" {drain, rElec rPois
                  | Str+2}
 72005 | Zig:8    | You pick up a book of Winter and begin reading...
 72015 | Zig:9    | Entered Level 9 of a ziggurat
 72109 | Zig:9    | You pick up a book of Scorching and begin reading...
 72110 | Zig:9    | Identified the ring of the Townfolk {Drain rPois rF- MP+9
                  | Slay+5}
 72112 | Zig:9    | Got Rezu Ebb's Compendium of Fiery Changing
 72117 | Zig:9    | You pick up a book of Frost and begin reading...
 72117 | Zig:9    | You add the spells Freeze and Hailstorm to your library.
 72132 | Zig:10   | Entered Level 10 of a ziggurat
 72141 | Zig:10   | Noticed a dread lich
 72142 | Zig:10   | Noticed an ancient lich
 72142 | Zig:10   | Noticed a dread lich
 72154 | Zig:10   | Killed a dread lich
 72155 | Zig:10   | Reached skill level 18 in Maces & Flails
 72161 | Zig:11   | Entered Level 11 of a ziggurat
 72195 | Zig:12   | Entered Level 12 of a ziggurat
 72218 | Zig:12   | Reached skill level 10 in Throwing
 72245 | Zig:12   | Reached skill level 20 in Invocations
 72331 | Zig:12   | You pick up a book of Touch and begin reading...
 72338 | Zig:12   | Identified the +8 great sword of Plunder {vorpal, rF+
                  | Int+6}
 72350 | Zig:12   | Identified the ring "Qug Yrac" {Will+ rCorr EV+4 Str+3
                  | Int-3}
 72370 | Zig:12   | Identified the +6 quarterstaff of Peace {flame, Fragile
                  | rElec Will+ Str+5}
 72372 | Zig:13   | Entered Level 13 of a ziggurat
 72383 | Zig:13   | HP: 45/207 [??? (27)]
 72384 | Arena    | Entered the Arena
 72424 | Zig:13   | Found the +8 trishula "Condemnation" {holy, anguish, *Noise
                  | Fly rN+}
 72424 | Zig:13   | Found the +8 whip "Snakebite" {venom, curare, rPois}
 72426 | Zig:13   | Identified the ring "Aphag" {rF+ rC- Str+4 Int+2 Slay+4}
 72427 | Zig:13   | Identified the +1 pair of gloves "Ymnizaz" {*Slow rElec
                  | Will+}
 72428 | Zig:13   | HP: 47/207 [balrug/divine providence (16)]
 72429 | Zig:13   | HP: 23/207 [balrug/divine providence (16)]
 72430 | Zig:13   | HP: 6/207 [balrug/fireball (17)]
 72431 | Zig:13   | Killed from afar by a balrug

Vanquished Creatures
  Dissolution (Slime:4)
  the Royal Jelly (Arena)
  2 orbs of fire
  4 ancient liches
  5 dread liches
  2 juggernauts
  A royal mummy (Zig:4)
  Boris (Crypt:2)
  Sojobo (Depths:3)
  Parghit (Zot:3)
  Bai Suzhen (Crypt:2)
  A Killer Klown (Zot:2)
  Vashnia (Snake:4)
  3 caustic shrikes (Depths:3)
  2 curse toes
  11 golden dragons
  3 bone dragons
  the Enchantress (Depths:2)
  2 electric golems
  27 tentacled monstrosities
  A Hell Sentinel (Zig:2)
  Mlioglotl (Swamp:3)
  Rupert (Snake:1)
  3 Orb Guardians (Zot:5)
  A walking crystal tome (Depths:3)
  2 deep elf blademasters (Elf:3)
  5 titans
  10 liches
  A shard shrike skeleton (Crypt:3)
  A searing wretch (Arena)
  A walking frostbound tome (Depths:3)
  19 acid blobs
  A walking earthen tome (Depths:3)
  5 quicksilver dragons
  3 deep elf master archers (Elf:3)
  9 sphinxes
  A walking divine tome (Depths:3)
  An Executioner (Abyss:2)
  11 death cobs
  An ancient champion (Crypt:3)
  The ghost of Eweu the Fighter, an adept DjFE of Gozag (D:14)
  9 shadow dragons
  4 thorn hunters
  A tentacled starspawn (Abyss:2)
  15 tengu reavers
  Kirke (Swamp:1)
  15 storm dragons
  6 rockslimes
  6 draconian monks
  10 frost giants
  8 azure jellies
  7 nagarajas
  3 fenstrider witches
  5 draconian knights
  8 fire giants
  Louise (Snake:4)
  13 vault wardens
  An iron dragon (Vaults:5)
  6 deep elf sorcerers
  3 orc warlords
  7 ghouls
  A ghost moth (Zot:3)
  2 caustic shrike zombies (Crypt:3)
  The ghost of Balder the Carver, a journeyman DsFi of Okawaru (Swamp:4)
  2 draconian scorchers
  2 juggernaut zombies (Crypt:3)
  2 curse skulls
  6 draconian shifters
  2 deep elf elementalists
  4 draconian annihilators
  22 stone giants
  14 ironbound preservers
  19 very ugly things
  3 draconian stormcallers (Zot:1)
  6 spriggan defenders
  6 war gargoyles
  A reaper (Depths:1)
  11 ironbound thunderhulks
  18 vampire knights
  8 green draconians
  9 quicksilver oozes
  3 deep elf demonologists
  10 black draconians
  4 bennus (Zig:4)
  4 dire elephants (Vaults:2)
  8 red draconians
  3 eleionomae
  7 spark wasps
  An entropy weaver (Vaults:2)
  13 deep elf annihilators
  7 white draconians
  7 yellow draconians
  6 bunyips
  10 purple draconians
  7 eidola
  19 ettins
  6 deep elf death magi
  A blizzard demon (Depths:2)
  A crystal guardian (Vaults:4)
  An acid blob zombie (Crypt:2)
  16 jiangshi
  The ghost of ytrimaz the Carver, a journeyman DsBe of Trog (D:13)
  Josephine (D:9)
  8 fire dragons
  12 great orbs of eyes
  A great orb of eyes (shapeshifter) (Elf:3)
  14 yaktaur captains
  Harold (D:10)
  9 deep elf high priests
  25 hydras
  10 salamander tyrants
  2 boulder beetles
  2 peacekeepers
  The ghost of Esaaleno the Frost Mage, a journeyman NaIE of Cheibriados (Lair:2)
  33 vault guards
  2 ghost crabs
  A fenstrider witch zombie (Crypt:3)
  4 rakshasas
  10 spriggan air magi
  2 ogre magi (Vaults:5)
  17 ice dragons
  10 anacondas
  Erica (D:8)
  8 death knights
  3 two-headed ogres
  An Orb Guardian skeleton (Crypt:2)
  37 dancing weapons
  17 naga warriors
  14 alligators
  8 centaur warriors
  9 ironbound frosthearts
  7 deep troll shamans (Depths:3)
  17 death yaks
  5 deep troll earth magi (Depths:3)
  10 tengu warriors
  Urug (Lair:2)
  19 naga sharpshooters
  15 vampire magi
  5 orc high priests
  4 thrashing horrors
  3 storm dragon zombies (Crypt:3)
  12 spriggan berserkers
  14 shock serpents
  A crystal echidna (Zig:2)
  2 soul eaters
  A titan zombie (D:15)
  3 hell knights
  An emperor scorpion zombie (Crypt:1)
  13 skeletal warriors
  12 deep elf knights
  4 shadow wraiths
  An iron giant zombie (Crypt:3)
  2 salamander mystics
  30 deep trolls
  5 sixfirhies
  10 goliath frogs
  An anaconda zombie (Crypt:3)
  4 golden dragon zombies (Crypt:3)
  A sea snake (shapeshifter) (Lair:6)
  A deep troll (shapeshifter) (Vaults:5)
  4 naga ritualists
  6 spriggan druids
  3 sea snakes (Snake:4)
  14 swamp dragons
  2 death drakes (Swamp:3)
  5 glowing orange brains
  9 flayed ghosts
  20 deep elf archers
  33 deep elf zephyrmancers
  18 phantasmal warriors
  10 bog bodies
  13 wizards
  17 ironbound convokers
  2 necromancers
  9 lindwurms
  16 orc knights
  An anaconda skeleton (Crypt:3)
  2 golden dragon skeletons
  9 orc sorcerers
  32 deep elf pyromancers
  31 ugly things
  A shadow dragon skeleton (Crypt:1)
  A stone giant zombie (Crypt:3)
  4 manticores
  6 mana vipers
  5 will-o-the-wisps
  3 shining eyes (shapeshifter)
  22 salamanders
  2 salamanders (shapeshifter)
  6 shining eyes
  A worldbinder (Abyss:2)
  A cyclops (shapeshifter) (D:13)
  11 elephants
  7 cyclopes
  2 centaur zombies (Crypt:3)
  8 guardian serpents
  24 moths of wrath
  14 vault sentinels
  17 cane toads
  40 black mambas
  14 naga magi
  Joseph (D:8)
  An eye of devastation (Zig:12)
  3 smoke demons
  Maggie (D:6)
  A gargoyle (D:13)
  2 unseen horrors
  A torpor snail (Lair:3)
  An unseen horror (shapeshifter) (Elf:2)
  An efreet (D:14)
  17 yaktaurs
  An anaconda simulacrum (Abyss:2)
  6 tengu conjurers
  2 rime drakes
  A komodo dragon (shapeshifter) (D:15)
  A yaktaur (shapeshifter) (Depths:3)
  A pale draconian skeleton (Crypt:3)
  5 guardian mummies
  2 ancient zymes (Lair:6)
  9 freezing wraiths
  8 komodo dragons
  A hydra zombie (Crypt:3)
  A bloated husk (Swamp:2)
  17 hornets
  11 trolls
  2 red devils (D:9)
  A hornet (shapeshifter) (D:13)
  A troll (shapeshifter) (D:14)
  A polar bear (shapeshifter) (Elf:3)
  2 ettin zombies (Crypt:3)
  15 blink frogs
  77 slime creatures
  A slime creature (shapeshifter) (Depths:3)
  6 tyrant leeches
  4 spriggan zombies
  2 raiju (shapeshifter)
  A spectral dream sheep (Lair:2)
  12 small abominations
  24 spriggans
  A flying skull (Zig:4)
  A guardian serpent skeleton (Crypt:2)
  2 shadows
  2 air elementals
  A wyvern (shapeshifter) (Elf:3)
  A spectral black mamba (Lair:2)
  33 yaks
  18 vampires
  6 ynoxinuls
  9 starcursed masses
  18 wraiths
  6 wyverns
  4 hogs (Swamp:1)
  11 fire bats (Volcano)
  2 water elementals
  6 basilisks
  2 chaos spawn
  5 fire elementals
  3 golden eyes
  Grum (D:8)
  2 steam dragons
  A spectral cane toad (Lair:2)
  A redback (Vaults:2)
  17 swamp worms
  17 vampire mosquitoes
  A faun zombie (Crypt:1)
  30 nagas
  5 wargs
  An acid dragon (D:14)
  A naga (shapeshifter) (D:13)
  A naga zombie (Crypt:3)
  A fire bat zombie (Crypt:2)
  22 water moccasins
  2 floating eyes (Depths:3)
  4 large abominations
  30 orc warriors
  11 swamp drakes
  3 ice beasts
  A sky beast (D:6)
  A black bear (shapeshifter) (Vaults:5)
  2 black mamba simulacra (Lair:2)
  4 black bears
  2 ogres
  23 wolves
  5 boggarts
  14 centaurs
  A lindwurm skeleton (Crypt:2)
  A phantom (D:7)
  A manticore skeleton (Crypt:1)
  4 earth elementals
  3 necrophages
  15 bullfrogs
  4 scorpions
  A draconian skeleton (Crypt:2)
  A gnoll sergeant (D:12)
  A wyvern skeleton (Crypt:1)
  4 wights
  A shapeshifter zombie (Crypt:2)
  A water moccasin skeleton (Crypt:2)
  5 killer bees (D:9)
  4 howler monkeys
  A yak skeleton (Crypt:1)
  2 electric eels (Vaults:3)
  2 quasits (D:9)
  2 human zombies
  17 orc priests
  2 iguanas
  A basilisk skeleton (Crypt:3)
  25 orc wizards
  7 hell rats
  4 polar bear simulacra (Lair:4)
  2 yak simulacra (Lair:4)
  2 boggart skeletons
  3 wolf simulacra (Lair:4)
  An ogre zombie (Crypt:2)
  2 mummies (Zig:4)
  Robin (D:4)
  8 gnolls
  12 adders
  7 river rats (Lair:6)
  5 white imps
  2 ufetubi (D:5)
  3 worms
  4 dart slugs
  68 orcs
  6 ball pythons
  A bat skeleton (Crypt:3)
  6 endoplasms
  5 giant cockroaches
  17 goblins
  4 hobgoblins
  7 jackals
  2 quokkas (D:2)
  4 bats
  2 frilled lizards (D:1)
  8 kobolds
  An orc skeleton (Crypt:1)
  7 rats
  2 river rat simulacra (Lair:4)
  5 briar patches
  A starspawn tentacle (Zig:11)
2351 creatures vanquished.

Vanquished Creatures (others)
  A storm dragon (Zot:3)
  A draconian scorcher (Zot:4)
  A deep elf demonologist (Elf:3)
  A jiangshi (Crypt:2)
  2 naga sharpshooters
  2 deep elf knights (Elf:2)
  A salamander mystic (Snake:4)
  A salamander (Snake:4)
  A moth of wrath (Zot:2)
  A naga mage (Zig:6)
  4 bloated husks
  A swamp worm (Swamp:1)
  A human (D:3)
  A necrophage (Swamp:3)
  An orc wizard (D:15)
  An orc (Orc:1)
  5 ball lightnings (Zot:3)
  A bush (Lair:4)
  A demonic plant (D:9)
  25 foxfires
  22 fungi
  113 plants
  14 starspawn tentacles
202 creatures vanquished.

Grand Total: 2553 creatures vanquished

Table legend:
 A = Non-vault XP
 B = Vault XP
 C = Vault XP percentage of total XP
 D = Non-vault monster count
 E = Vault monster count
 F = Vault count percentage of total count
                 A         B        C        D         E       F
            +---------+---------+-------+---------+---------+-------
      Total |  766340 |  768854 |  50.1 |    1414 |     927 |  39.6
            +---------+---------+-------+---------+---------+-------
        D:1 |      35 |       1 |   2.8 |      20 |       1 |   4.8
        D:2 |      33 |       0 |   0.0 |      18 |       0 |   0.0
        D:3 |     120 |      13 |   9.8 |      23 |       1 |   4.2
        D:4 |     250 |     116 |  31.7 |      16 |      14 |  46.7
        D:5 |     611 |       0 |   0.0 |      12 |       0 |   0.0
        D:6 |     775 |     455 |  37.0 |      17 |       2 |  10.5
        D:7 |    1230 |     477 |  27.9 |      15 |       4 |  21.1
        D:8 |     846 |    2147 |  71.7 |      16 |       9 |  36.0
        D:9 |    1666 |    3024 |  64.5 |      18 |      13 |  41.9
       D:10 |    1618 |    1287 |  44.3 |      10 |       4 |  28.6
       D:11 |    4662 |     333 |   6.7 |      18 |       1 |   5.3
       D:12 |    4087 |       0 |   0.0 |      25 |       0 |   0.0
       D:13 |   16602 |    5530 |  25.0 |      41 |      11 |  21.2
       D:14 |   10201 |    2241 |  18.0 |      24 |       5 |  17.2
       D:15 |   16370 |    4372 |  21.1 |      36 |       8 |  18.2
     Lair:1 |    3187 |     452 |  12.4 |      13 |       1 |   7.1
     Lair:2 |    2090 |    4425 |  67.9 |       7 |      16 |  69.6
     Lair:3 |    9294 |    4024 |  30.2 |      27 |      19 |  41.3
     Lair:4 |   20108 |    3762 |  15.8 |      41 |      21 |  33.9
     Lair:5 |    8801 |    6348 |  41.9 |      34 |       4 |  10.5
     Lair:6 |    5327 |   11544 |  68.4 |      16 |      48 |  75.0
    Swamp:1 |   13500 |    2224 |  14.1 |      28 |       5 |  15.2
    Swamp:2 |   16549 |    7925 |  32.4 |      29 |      10 |  25.6
    Swamp:3 |   17075 |    3674 |  17.7 |      27 |       6 |  18.2
    Swamp:4 |   14296 |   38619 |  73.0 |      27 |      51 |  65.4
    Snake:1 |   11891 |    1807 |  13.2 |      26 |       1 |   3.7
    Snake:2 |   15425 |       0 |   0.0 |      30 |       0 |   0.0
    Snake:3 |   15347 |       0 |   0.0 |      26 |       0 |   0.0
    Snake:4 |   15481 |   34218 |  68.9 |      29 |      48 |  62.3
    Slime:1 |    1865 |       0 |   0.0 |       7 |       0 |   0.0
    Slime:2 |    1619 |       0 |   0.0 |       6 |       0 |   0.0
    Slime:3 |     776 |       0 |   0.0 |       3 |       0 |   0.0
    Slime:4 |    3540 |    9146 |  72.1 |       8 |       3 |  27.3
    Slime:5 |    7025 |   12385 |  63.8 |      16 |      12 |  42.9
      Orc:1 |    6677 |    1551 |  18.9 |      54 |       5 |   8.5
      Orc:2 |     997 |    5962 |  85.7 |      12 |      25 |  67.6
      Elf:1 |   17106 |    9271 |  35.1 |      26 |      15 |  36.6
      Elf:2 |   20653 |   23070 |  52.8 |      35 |      31 |  47.0
      Elf:3 |   14816 |   35108 |  70.3 |      25 |      34 |  57.6
   Vaults:1 |   22864 |   16050 |  41.2 |      38 |      21 |  35.6
   Vaults:2 |   34229 |   20570 |  37.5 |      47 |      21 |  30.9
   Vaults:3 |   26218 |   11267 |  30.1 |      35 |      13 |  27.1
   Vaults:4 |   19750 |   44849 |  69.4 |      29 |      51 |  63.8
   Vaults:5 |   15520 |  103421 |  87.0 |      16 |      73 |  82.0
    Crypt:1 |   23634 |       0 |   0.0 |      39 |       0 |   0.0
    Crypt:2 |   14386 |    6338 |  30.6 |      24 |       2 |   7.7
    Crypt:3 |   22912 |   52690 |  69.7 |      30 |      79 |  72.5
   Depths:1 |   21180 |   20004 |  48.6 |      28 |      17 |  37.8
   Depths:2 |   18829 |   16815 |  47.2 |      22 |      14 |  38.9
   Depths:3 |       0 |  138650 | 100.0 |       0 |     123 | 100.0
   Depths:4 |   16332 |   17772 |  52.1 |      12 |      14 |  53.8
      Zot:1 |   43772 |    6387 |  12.7 |      37 |       4 |   9.8
      Zot:2 |   26169 |   35170 |  57.3 |      22 |      23 |  51.1
      Zot:3 |   25466 |   26209 |  50.7 |      19 |      25 |  56.8
      Zot:4 |   34585 |       0 |   0.0 |      26 |       0 |   0.0
      Zot:5 |   10041 |    5253 |  34.3 |       6 |       3 |  33.3
    Abyss:2 |    7704 |       0 |   0.0 |      22 |       0 |   0.0
      Zig:1 |     980 |       0 |   0.0 |       2 |       0 |   0.0
      Zig:2 |    2605 |       0 |   0.0 |       2 |       0 |   0.0
      Zig:3 |    3144 |       0 |   0.0 |       3 |       0 |   0.0
      Zig:4 |    8007 |       0 |   0.0 |       8 |       0 |   0.0
      Zig:5 |    5579 |       0 |   0.0 |       7 |       0 |   0.0
      Zig:6 |    5983 |       0 |   0.0 |      11 |       0 |   0.0
      Zig:7 |    9470 |       0 |   0.0 |      12 |       0 |   0.0
      Zig:8 |    8117 |       0 |   0.0 |      15 |       0 |   0.0
      Zig:9 |    9874 |       0 |   0.0 |      15 |       0 |   0.0
     Zig:10 |    6006 |       0 |   0.0 |       2 |       0 |   0.0
     Zig:11 |    1877 |       0 |   0.0 |       3 |       0 |   0.0
     Zig:12 |   15653 |       0 |   0.0 |      19 |       0 |   0.0
    Volcano |       0 |    3738 | 100.0 |       0 |      14 | 100.0
      Arena |    2903 |    8160 |  73.8 |       2 |       2 |  50.0
            +---------+---------+-------+---------+---------+-------

Illustrated notes

Table legend:
 A = Kills in this place as a percentage of kills in entire the game.
 B = Kills by you in this place as a percentage of kills by you in the entire game.
 C = Kills by friends in this place as a percentage of kills by friends in the entire game.
 D = Other kills in this place as a percentage of other kills in the entire game.
 E = Experience gained in this place as a percentage of experience gained in the entire game.
 F = Experience gained in this place divided by the number of levels of this place that you have seen.
                   A       B       C       D       E      F
               +-------+-------+-------+-------+-------+----------------------
         Total | 100.0 | 100.0 |   N/A | 100.0 | 100.0 | 20199.9
       Dungeon |  16.3 |  16.4 |   N/A |   5.9 |   5.2 | 5273.5
          Lair |  10.6 |  10.6 |   N/A |   0.0 |   5.2 | 13227.0
         Swamp |   7.8 |   7.8 |   N/A |  11.8 |   7.4 | 28465.5
     Snake Pit |   6.8 |   6.8 |   N/A |  17.6 |   6.1 | 23542.2
    Slime Pits |   2.3 |   2.4 |   N/A |   0.0 |   2.4 | 7271.2
  Orcish Mines |   4.1 |   4.1 |   N/A |   0.0 |   1.0 | 7593.5
   Elven Halls |   7.1 |   7.0 |   N/A |  17.6 |   7.8 | 40008.0
        Vaults |  14.7 |  14.8 |   N/A |   0.0 |  20.5 | 62947.6
         Crypt |   7.4 |   7.4 |   N/A |   5.9 |   7.8 | 39986.7
        Depths |   9.8 |   9.9 |   N/A |   0.0 |  16.3 | 62395.5
           Zot |   7.0 |   6.9 |   N/A |  29.4 |  13.9 | 42610.4
         Abyss |   0.9 |   0.9 |   N/A |   0.0 |   0.5 | 7704.0
      Ziggurat |   4.2 |   4.2 |   N/A |  11.8 |   5.0 | 5945.8
       Volcano |   0.6 |   0.6 |   N/A |   0.0 |   0.2 | 3738.0
         Arena |   0.2 |   0.2 |   N/A |   0.0 |   0.7 | 2765.8
               +-------+-------+-------+-------+-------+----------------------

Table legend: (Time is in decaauts)
 A = Elapsed time spent in this place.
 B = Non-inter-level travel time spent in this place.
 C = Inter-level travel time spent in this place.
 D = Time resting spent in this place.
 E = Time spent auto-exploring this place.
 F = Levels seen in this place.
 G = Mean time per level.
                   A        B        C        D        E       F      G
               +--------+--------+--------+--------+--------+-----+--------+
         Total |  71624 |  64352 |   7272 |  10120 |  35699 |  76 |  942.4 |
       Dungeon |  17461 |  15120 |   2341 |   2235 |   9738 |  15 | 1164.1 |
        Temple |    204 |    180 |     24 |      0 |    168 |   1 |  204.0 |
          Lair |   8549 |   7490 |   1059 |   1015 |   4613 |   6 | 1424.8 |
         Swamp |   5001 |   4570 |    431 |    800 |   2338 |   4 | 1250.2 |
     Snake Pit |   5324 |   5047 |    277 |    873 |   2609 |   4 | 1331.0 |
    Slime Pits |   1011 |    971 |     40 |    353 |     70 |   5 |  202.2 |
  Orcish Mines |   2101 |   1836 |    265 |    330 |    913 |   2 | 1050.5 |
   Elven Halls |   4490 |   4151 |    339 |    498 |   2496 |   3 | 1496.7 |
        Vaults |   8210 |   7379 |    831 |    352 |   4736 |   5 | 1642.0 |
         Crypt |   3094 |   2889 |    205 |     71 |   1593 |   3 | 1031.3 |
        Depths |   7925 |   6842 |   1083 |   1001 |   3913 |   4 | 1981.2 |
           Zot |   6900 |   6528 |    372 |   2515 |   2199 |   5 | 1380.0 |
         Abyss |    220 |    220 |      0 |      0 |      0 |   1 |  220.0 |
      Ziggurat |    803 |    803 |      0 |     57 |    238 |  13 |   61.8 |
       Volcano |    222 |    222 |      0 |      0 |     72 |   1 |  222.0 |
         Arena |    101 |    101 |      0 |     17 |      0 |   4 |   25.2 |
               +--------+--------+--------+--------+--------+-----+--------+

Top non-repeatable levels by time:
Depths:3: 3301 daAuts
 Snake:4: 2783 daAuts
   Zot:3: 2459 daAuts
   Zot:2: 2333 daAuts
Vaults:2: 2175 daAuts
  Lair:4: 2144 daAuts
 Swamp:4: 1924 daAuts
 Crypt:3: 1921 daAuts
Vaults:5: 1717 daAuts
Depths:1: 1711 daAuts
   Elf:3: 1700 daAuts
     D:2: 1621 daAuts
   Elf:2: 1620 daAuts
Vaults:1: 1603 daAuts
    D:15: 1566 daAuts
